Workbook
Name \0: #REF!
Name \a: #REF!
Name ______Ele200502: #REF!
Name ______Ser200705: #REF!
Name ______Ser200712: #REF!
Name ______Ser201104: #REF!
Name ______TR2: #REF!
Name ______TR5: #REF!
Name _____Ele200502: #REF!
Name _____Ele200609: #REF!
Name _____pv2: #REF!
Name _____pv3: #REF!
Name _____Ser200506: #REF!
Name _____Ser200705: #REF!
Name _____Ser200712: #REF!
Name _____Ser201104: #REF!
Name _____TR2: #REF!
Name _____TR5: #REF!
Name ____Ele200502: #REF!
Name ____Ele200609: #REF!
Name ____pv2: #REF!
Name ____pv3: #REF!
Name ____Ser200506: #REF!
Name ____Ser200705: #REF!
Name ____Ser200712: #REF!
Name ____Ser201104: #REF!
Name ____TR2: #REF!
Name ____TR5: #REF!
Name ___Ele200502: #REF!
Name ___Ele200609: #REF!
Name ___pv2: #REF!
Name ___pv3: #REF!
Name ___Ser200506: #REF!
Name ___Ser200705: #REF!
Name ___Ser200712: #REF!
Name ___Ser201104: #REF!
Name ___TR2: #REF!
Name ___TR5: #REF!
Name __Ele200502: #REF!
Name __Ele200609: #REF!
Name __pv2: #REF!
Name __pv3: #REF!
Name __Ser200506: #REF!
Name __Ser200705: #REF!
Name __Ser200712: #REF!
Name __Ser201104: #REF!
Name __TR2: #REF!
Name __TR5: #REF!
Name _abc2: #REF!
Name _Ele200502: #REF!
Name _Ele200609: #REF!
Name _ogu01: #REF!
Name _ogu02: #REF!
Name _ogu03: #REF!
Name _ogu04: #REF!
Name _ogu05: #REF!
Name _ogu06: #REF!
Name _ogu07: #REF!
Name _ogu08: #REF!
Name _ogu09: #REF!

Sheet ORÇAMENTO
B1: PLANILHA ORÇAMENTÁRIA
B2: CONTRATAÇÃO DE EMPRESA ESPECIALIZADA PARA EXECUÇÃO DAS OBRAS DE CONCLUSÃO DA FARMÁCIA DE TODOS – BAIRRO LAGO AZUL, MUNICÍPIO DE IBIRITÉ/MG | I2: ='BASE-REFERENCIA'!I1 -> BASE | J2: ='BASE-REFERENCIA'!J1 -> REFERENCIA | K2: ='BASE-REFERENCIA'!K1 -> MÊS
B3: ENDEREÇO: | D3: Rua Caramuru, nº 18, bairro Lago Azul, Ibirité/MG / MG, CEP: 32405-151 | I3: ='BASE-REFERENCIA'!I2 -> SINAPI | J3: ='BASE-REFERENCIA'!J2 -> BELO HORIZONTE | K3: 45910
B4: PRAZO EXECUÇÃO: | D4: 4 MESES | I4: ='BASE-REFERENCIA'!I3 -> SICOR | J4: ='BASE-REFERENCIA'!J3 -> MINAS GERAIS | K4: 45839
B5: BDI UTILIZADO: | D5: ='BDI '!S30 -> 0.2487 | I5: ='BASE-REFERENCIA'!I5 -> SUDECAP | J5: ='BASE-REFERENCIA'!J5 -> BELO HORIZONTE | K5: 45839
F7: VALOR FINAL DO ORÇAMENTO (R$) | I7: =SUBTOTAL(9,I9:I594) -> 433663.78 | K7: =SUBTOTAL(9,K9:K594) -> 541509.91
B8: ITEM | C8: FONTE | D8: CÓDIGO | E8: DESCRIÇÃO | F8: UNIDADE | G8: QUANTIDADE | H8: PREÇO UNITÁRIO S/ BDI | I8: PREÇO TOTAL S/BDI (R$) | J8: PREÇO UNITÁRIO C/ BDI | K8: PREÇO TOTAL C/BDI (R$) | L8: OBSERVAÇÕES
B9: 1 | C9: =IFERROR(IF(D9<>"",INDEX('BASE-REFERENCIA'!A:A,MATCH(ORÇAMENTO!D9,'BASE-REFERENCIA'!B:B,0)),""),"-") | E9: MOBILIZAÇÃO E DESMOBILIZAÇÃO | F9: =IF(D9<>"",INDEX('BASE-REFERENCIA'!D:D,MATCH(ORÇAMENTO!D9,'BASE-REFERENCIA'!B:B,0)),"") | H9: =IF(D9<>"",INDEX('BASE-REFERENCIA'!F:F,MATCH(ORÇAMENTO!D9,'BASE-REFERENCIA'!B:B,0)),"") | I9: =IF(D9<>"",ROUND(G9*H9,2),"") | J9: =IF(D9<>"",ROUND(H9*(1+$D$5),2),"") | K9: =IF(D9<>"",ROUND(G9*J9,2),"")
B10: 1.1 | C10: =IFERROR(IF(D10<>"",INDEX('BASE-REFERENCIA'!A:A,MATCH(ORÇAMENTO!D10,'BASE-REFERENCIA'!B:B,0)),""),"-") | E10: MOBILIZAÇÃO E DESMOBILIZAÇÃO | F10: =IF(D10<>"",INDEX('BASE-REFERENCIA'!D:D,MATCH(ORÇAMENTO!D10,'BASE-REFERENCIA'!B:B,0)),"") | H10: =IF(D10<>"",INDEX('BASE-REFERENCIA'!F:F,MATCH(ORÇAMENTO!D10,'BASE-REFERENCIA'!B:B,0)),"") | I10: =IF(D10<>"",ROUND(G10*H10,2),"") | J10: =IF(D10<>"",ROUND(H10*(1+$D$5),2),"") | K10: =IF(D10<>"",ROUND(G10*J10,2),"")
B11: 1.1.1 | C11: =IFERROR(IF(D11<>"",INDEX('BASE-REFERENCIA'!A:A,MATCH(ORÇAMENTO!D11,'BASE-REFERENCIA'!B:B,0)),""),"-") | E11: MOBILIZAÇÃO E DESMOBILIZAÇÃO | F11: =IF(D11<>"",INDEX('BASE-REFERENCIA'!D:D,MATCH(ORÇAMENTO!D11,'BASE-REFERENCIA'!B:B,0)),"") | H11: =IF(D11<>"",INDEX('BASE-REFERENCIA'!F:F,MATCH(ORÇAMENTO!D11,'BASE-REFERENCIA'!B:B,0)),"") | I11: =IF(D11<>"",ROUND(G11*H11,2),"") | J11: =IF(D11<>"",ROUND(H11*(1+$D$5),2),"") | K11: =IF(D11<>"",ROUND(G11*J11,2),"")
B12: 1.1.1.1 | C12: =IFERROR(IF(D12<>"",INDEX('BASE-REFERENCIA'!A:A,MATCH(ORÇAMENTO!D12,'BASE-REFERENCIA'!B:B,0)),""),"-") -> SICOR | D12: ED-50392 | E12: =IF(D12<>"",INDEX('BASE-REFERENCIA'!C:C,MATCH(ORÇAMENTO!D12,'BASE-REFERENCIA'!B:B,0)),"") -> MOBILIZAÇÃO E DESMOBILIZAÇÃO DE OBRA EM CENTRO URBANO OU REGIÃO LIMÍTROFE COM VALOR ATÉ 1.000.000,00 | F12: =IF(D12<>"",INDEX('BASE-REFERENCIA'!D:D,MATCH(ORÇAMENTO!D12,'BASE-REFERENCIA'!B:B,0)),"") -> % | G12: 0.005 | H12: =J12/(1+$D$5) -> 386285.13 | I12: =G12*H12 -> 1931.4256 | J12: =SUBTOTAL(9,OFFSET(K25,1,0):OFFSET(K596,-1,0)) -> 482354.24 | K12: =IF(D12<>"",ROUND(G12*J12,2),"") -> 2411.77
E13: SUBTOTAL DO ITEM 1.1.1 | K13: =SUBTOTAL(9,OFFSET(K11,1,0):OFFSET(K13,-1,0)) -> 2411.77
E14: SUBTOTAL DO ITEM 1.1 | K14: =SUBTOTAL(9,OFFSET(K10,1,0):OFFSET(K14,-1,0)) -> 2411.77
E15: TOTAL DO ITEM 1 | K15: =SUBTOTAL(9,OFFSET(K9,1,0):OFFSET(K15,-1,0)) -> 2411.77
B17: 2 | C17: =IFERROR(IF(D17<>"",INDEX('BASE-REFERENCIA'!A:A,MATCH(ORÇAMENTO!D17,'BASE-REFERENCIA'!B:B,0)),""),"-") | E17: ADMINISTRAÇÃO LOCAL | F17: =IF(D17<>"",INDEX('BASE-REFERENCIA'!D:D,MATCH(ORÇAMENTO!D17,'BASE-REFERENCIA'!B:B,0)),"") | H17: =IF(D17<>"",INDEX('BASE-REFERENCIA'!F:F,MATCH(ORÇAMENTO!D17,'BASE-REFERENCIA'!B:B,0)),"") | I17: =IF(D17<>"",ROUND(G17*H17,2),"") | J17: =IF(D17<>"",ROUND(H17*(1+$D$5),2),"") | K17: =IF(D17<>"",ROUND(G17*J17,2),"")
B18: 2.1 | C18: =IFERROR(IF(D18<>"",INDEX('BASE-REFERENCIA'!A:A,MATCH(ORÇAMENTO!D18,'BASE-REFERENCIA'!B:B,0)),""),"-") | E18: ADMINISTRAÇÃO LOCAL | F18: =IF(D18<>"",INDEX('BASE-REFERENCIA'!D:D,MATCH(ORÇAMENTO!D18,'BASE-REFERENCIA'!B:B,0)),"") | H18: =IF(D18<>"",INDEX('BASE-REFERENCIA'!F:F,MATCH(ORÇAMENTO!D18,'BASE-REFERENCIA'!B:B,0)),"") | I18: =IF(D18<>"",ROUND(G18*H18,2),"") | J18: =IF(D18<>"",ROUND(H18*(1+$D$5),2),"") | K18: =IF(D18<>"",ROUND(G18*J18,2),"")
B19: 2.1.1 | C19: =IFERROR(IF(D19<>"",INDEX('BASE-REFERENCIA'!A:A,MATCH(ORÇAMENTO!D19,'BASE-REFERENCIA'!B:B,0)),""),"-") | E19: ADMINISTRAÇÃO LOCAL | F19: =IF(D19<>"",INDEX('BASE-REFERENCIA'!D:D,MATCH(ORÇAMENTO!D19,'BASE-REFERENCIA'!B:B,0)),"") | H19: =IF(D19<>"",INDEX('BASE-REFERENCIA'!F:F,MATCH(ORÇAMENTO!D19,'BASE-REFERENCIA'!B:B,0)),"") | I19: =IF(D19<>"",ROUND(G19*H19,2),"") | J19: =IF(D19<>"",ROUND(H19*(1+$D$5),2),"") | K19: =IF(D19<>"",ROUND(G19*J19,2),"")
B20: 2.1.1.1 | C20: =IFERROR(IF(D20<>"",INDEX('BASE-REFERENCIA'!A:A,MATCH(ORÇAMENTO!D20,'BASE-REFERENCIA'!B:B,0)),""),"-") -> COMPOSIÇÃO | D20: CPU-004 | E20: =IF(D20<>"",INDEX('BASE-REFERENCIA'!C:C,MATCH(ORÇAMENTO!D20,'BASE-REFERENCIA'!B:B,0)),"") -> ART DE OBRAS PARA CONTRATOS ACIMA DE R$15.000,00 | F20: =IF(D20<>"",INDEX('BASE-REFERENCIA'!D:D,MATCH(ORÇAMENTO!D20,'BASE-REFERENCIA'!B:B,0)),"") -> UN | G20: 1 | H20: =IF(D20<>"",INDEX('BASE-REFERENCIA'!F:F,MATCH(ORÇAMENTO!D20,'BASE-REFERENCIA'!B:B,0)),"") -> 271.47 | I20: =IF(D20<>"",ROUND(G20*H20,2),"") -> 271.47 | J20: =IF(D20<>"",ROUND(H20*(1+$D$5),2),"") -> 338.98 | K20: =IF(D20<>"",ROUND(G20*J20,2),"") -> 338.98
B21: 2.1.1.3 | C21: =IFERROR(IF(D21<>"",INDEX('BASE-REFERENCIA'!A:A,MATCH(ORÇAMENTO!D21,'BASE-REFERENCIA'!B:B,0)),""),"-") -> SINAPI | D21: 90777 | E21: =IF(D21<>"",INDEX('BASE-REFERENCIA'!C:C,MATCH(ORÇAMENTO!D21,'BASE-REFERENCIA'!B:B,0)),"") -> ENGENHEIRO CIVIL DE OBRA JUNIOR COM ENCARGOS COMPLEMENTARES | F21: =IF(D21<>"",INDEX('BASE-REFERENCIA'!D:D,MATCH(ORÇAMENTO!D21,'BASE-REFERENCIA'!B:B,0)),"") -> H | G21: =4*22*1 -> 88 | H21: =IF(D21<>"",INDEX('BASE-REFERENCIA'!F:F,MATCH(ORÇAMENTO!D21,'BASE-REFERENCIA'!B:B,0)),"") -> 131.3 | I21: =IF(D21<>"",ROUND(G21*H21,2),"") -> 11554.4 | J21: =IF(D21<>"",ROUND(H21*(1+$D$5),2),"") -> 163.95 | K21: =IF(D21<>"",ROUND(G21*J21,2),"") -> 14427.6
B22: 2.1.1.4 | C22: =IFERROR(IF(D22<>"",INDEX('BASE-REFERENCIA'!A:A,MATCH(ORÇAMENTO!D22,'BASE-REFERENCIA'!B:B,0)),""),"-") -> SINAPI | D22: 90776 | E22: =IF(D22<>"",INDEX('BASE-REFERENCIA'!C:C,MATCH(ORÇAMENTO!D22,'BASE-REFERENCIA'!B:B,0)),"") -> ENCARREGADO GERAL COM ENCARGOS COMPLEMENTARES | F22: =IF(D22<>"",INDEX('BASE-REFERENCIA'!D:D,MATCH(ORÇAMENTO!D22,'BASE-REFERENCIA'!B:B,0)),"") -> H | G22: =4*22*5.5 -> 484 | H22: =IF(D22<>"",INDEX('BASE-REFERENCIA'!F:F,MATCH(ORÇAMENTO!D22,'BASE-REFERENCIA'!B:B,0)),"") -> 69.46 | I22: =IF(D22<>"",ROUND(G22*H22,2),"") -> 33618.64 | J22: =IF(D22<>"",ROUND(H22*(1+$D$5),2),"") -> 86.73 | K22: =IF(D22<>"",ROUND(G22*J22,2),"") -> 41977.32
E23: SUBTOTAL DO ITEM 2.1.1 | K23: =SUBTOTAL(9,OFFSET(K19,1,0):OFFSET(K23,-1,0)) -> 56743.9
E24: SUBTOTAL DO ITEM 2.1 | K24: =SUBTOTAL(9,OFFSET(K18,1,0):OFFSET(K24,-1,0)) -> 56743.9
E25: TOTAL DO ITEM 2 | K25: =SUBTOTAL(9,OFFSET(K17,1,0):OFFSET(K25,-1,0)) -> 56743.9
B27: 3 | C27: =IFERROR(IF(D27<>"",INDEX('BASE-REFERENCIA'!A:A,MATCH(ORÇAMENTO!D27,'BASE-REFERENCIA'!B:B,0)),""),"-") | E27: SERVIÇOS PRELIMINARES | F27: =IF(D27<>"",INDEX('BASE-REFERENCIA'!D:D,MATCH(ORÇAMENTO!D27,'BASE-REFERENCIA'!B:B,0)),"") | H27: =IF(D27<>"",INDEX('BASE-REFERENCIA'!F:F,MATCH(ORÇAMENTO!D27,'BASE-REFERENCIA'!B:B,0)),"") | I27: =IF(D27<>"",ROUND(G27*H27,2),"") | J27: =IF(D27<>"",ROUND(H27*(1+$D$5),2),"") | K27: =IF(D27<>"",ROUND(G27*J27,2),"")
B28: 3.1 | C28: =IFERROR(IF(D28<>"",INDEX('BASE-REFERENCIA'!A:A,MATCH(ORÇAMENTO!D28,'BASE-REFERENCIA'!B:B,0)),""),"-") | E28: IDENTIFICAÇÃO DA OBRA | F28: =IF(D28<>"",INDEX('BASE-REFERENCIA'!D:D,MATCH(ORÇAMENTO!D28,'BASE-REFERENCIA'!B:B,0)),"") | H28: =IF(D28<>"",INDEX('BASE-REFERENCIA'!F:F,MATCH(ORÇAMENTO!D28,'BASE-REFERENCIA'!B:B,0)),"") | I28: =IF(D28<>"",ROUND(G28*H28,2),"") | J28: =IF(D28<>"",ROUND(H28*(1+$D$5),2),"") | K28: =IF(D28<>"",ROUND(G28*J28,2),"")
B29: 3.1.1 | C29: =IFERROR(IF(D29<>"",INDEX('BASE-REFERENCIA'!A:A,MATCH(ORÇAMENTO!D29,'BASE-REFERENCIA'!B:B,0)),""),"-") | E29: IDENTIFICAÇÃO DA OBRA | F29: =IF(D29<>"",INDEX('BASE-REFERENCIA'!D:D,MATCH(ORÇAMENTO!D29,'BASE-REFERENCIA'!B:B,0)),"") | H29: =IF(D29<>"",INDEX('BASE-REFERENCIA'!F:F,MATCH(ORÇAMENTO!D29,'BASE-REFERENCIA'!B:B,0)),"") | I29: =IF(D29<>"",ROUND(G29*H29,2),"") | J29: =IF(D29<>"",ROUND(H29*(1+$D$5),2),"") | K29: =IF(D29<>"",ROUND(G29*J29,2),"")
B30: 3.1.1.1 | C30: =IFERROR(IF(D30<>"",INDEX('BASE-REFERENCIA'!A:A,MATCH(ORÇAMENTO!D30,'BASE-REFERENCIA'!B:B,0)),""),"-") -> SICOR | D30: ED-28427 | E30: =IF(D30<>"",INDEX('BASE-REFERENCIA'!C:C,MATCH(ORÇAMENTO!D30,'BASE-REFERENCIA'!B:B,0)),"") -> FORNECIMENTO E COLOCAÇÃO DE PLACA DE OBRA EM CHAPA GALVANIZADA #26, ESP. 0,45MM, DIMENSÃO (3X1,5)M, PLOTADA COM ADESIVO VINÍLICO, AFIXADA COM REBITES 4,8X40MM, EM ESTRUTURA METÁLICA DE METALON 20X20MM, ESP. 1,25MM, INCLUSIVE SUPORTE EM EUCALIPTO AUTOCLAVADO PINTADO COM TINTA PVA DUAS (2) DEMÃOS | F30: =IF(D30<>"",INDEX('BASE-REFERENCIA'!D:D,MATCH(ORÇAMENTO!D30,'BASE-REFERENCIA'!B:B,0)),"") -> un | G30: 1 | H30: =IF(D30<>"",INDEX('BASE-REFERENCIA'!F:F,MATCH(ORÇAMENTO!D30,'BASE-REFERENCIA'!B:B,0)),"") -> 1156.55 | I30: =IF(D30<>"",ROUND(G30*H30,2),"") -> 1156.55 | J30: =IF(D30<>"",ROUND(H30*(1+$D$5),2),"") -> 1444.18 | K30: =IF(D30<>"",ROUND(G30*J30,2),"") -> 1444.18
E31: SUBTOTAL DO ITEM 3.1.1 | K31: =SUBTOTAL(9,OFFSET(K29,1,0):OFFSET(K31,-1,0)) -> 1444.18
E32: SUBTOTAL DO ITEM 3.1 | K32: =SUBTOTAL(9,OFFSET(K28,1,0):OFFSET(K32,-1,0)) -> 1444.18
B34: 3.2 | C34: =IFERROR(IF(D34<>"",INDEX('BASE-REFERENCIA'!A:A,MATCH(ORÇAMENTO!D34,'BASE-REFERENCIA'!B:B,0)),""),"-") | E34: CANTEIRO DE OBRAS | F34: =IF(D34<>"",INDEX('BASE-REFERENCIA'!D:D,MATCH(ORÇAMENTO!D34,'BASE-REFERENCIA'!B:B,0)),"") | H34: =IF(D34<>"",INDEX('BASE-REFERENCIA'!F:F,MATCH(ORÇAMENTO!D34,'BASE-REFERENCIA'!B:B,0)),"") | I34: =IF(D34<>"",ROUND(G34*H34,2),"") | J34: =IF(D34<>"",ROUND(H34*(1+$D$5),2),"") | K34: =IF(D34<>"",ROUND(G34*J34,2),"")
B35: 3.2.1 | C35: =IFERROR(IF(D35<>"",INDEX('BASE-REFERENCIA'!A:A,MATCH(ORÇAMENTO!D35,'BASE-REFERENCIA'!B:B,0)),""),"-") | E35: CANTEIRO DE OBRAS | F35: =IF(D35<>"",INDEX('BASE-REFERENCIA'!D:D,MATCH(ORÇAMENTO!D35,'BASE-REFERENCIA'!B:B,0)),"") | H35: =IF(D35<>"",INDEX('BASE-REFERENCIA'!F:F,MATCH(ORÇAMENTO!D35,'BASE-REFERENCIA'!B:B,0)),"") | I35: =IF(D35<>"",ROUND(G35*H35,2),"") | J35: =IF(D35<>"",ROUND(H35*(1+$D$5),2),"") | K35: =IF(D35<>"",ROUND(G35*J35,2),"")
B36: 3.2.1.1 | C36: =IFERROR(IF(D36<>"",INDEX('BASE-REFERENCIA'!A:A,MATCH(ORÇAMENTO!D36,'BASE-REFERENCIA'!B:B,0)),""),"-") -> SICOR | D36: ED-16350 | E36: =IF(D36<>"",INDEX('BASE-REFERENCIA'!C:C,MATCH(ORÇAMENTO!D36,'BASE-REFERENCIA'!B:B,0)),"") -> LOCAÇÃO DE CONTAINER COM ISOLAMENTO TÉRMICO, TIPO 3, PARA DEPÓSITO/FERRAMENTARIA DE OBRA, COM MEDIDAS REFERENCIAIS DE (6) METROS COMPRIMENTO, (2,3) METROS LARGURA E (2,5) METROS ALTURA ÚTIL INTERNA, INCLUSIVE LIGAÇÕES ELÉTRICAS INTERNAS, EXCLUSIVE MOBILIZAÇÃO/DESMOBILIZAÇÃO E LIGAÇÕES PROVISÓRIAS EXTERNAS | F36: =IF(D36<>"",INDEX('BASE-REFERENCIA'!D:D,MATCH(ORÇAMENTO!D36,'BASE-REFERENCIA'!B:B,0)),"") -> mês | G36: 4 | H36: =IF(D36<>"",INDEX('BASE-REFERENCIA'!F:F,MATCH(ORÇAMENTO!D36,'BASE-REFERENCIA'!B:B,0)),"") -> 794.71 | I36: =IF(D36<>"",ROUND(G36*H36,2),"") -> 3178.84 | J36: =IF(D36<>"",ROUND(H36*(1+$D$5),2),"") -> 992.35 | K36: =IF(D36<>"",ROUND(G36*J36,2),"") -> 3969.4
B37: 3.2.1.2 | C37: =IFERROR(IF(D37<>"",INDEX('BASE-REFERENCIA'!A:A,MATCH(ORÇAMENTO!D37,'BASE-REFERENCIA'!B:B,0)),""),"-") -> SICOR | D37: ED-50137 | E37: =IF(D37<>"",INDEX('BASE-REFERENCIA'!C:C,MATCH(ORÇAMENTO!D37,'BASE-REFERENCIA'!B:B,0)),"") -> MOBILIZAÇÃO E DESMOBILIZAÇÃO DE CONTAINER, INCLUSIVE CARGA, DESCARGA E TRANSPORTE EM CAMINHÃO CARROCERIA COM GUINDAUTO (MUNCK), EXCLUSIVE LOCAÇÃO DO CONTAINER | F37: =IF(D37<>"",INDEX('BASE-REFERENCIA'!D:D,MATCH(ORÇAMENTO!D37,'BASE-REFERENCIA'!B:B,0)),"") -> un | G37: 1 | H37: =IF(D37<>"",INDEX('BASE-REFERENCIA'!F:F,MATCH(ORÇAMENTO!D37,'BASE-REFERENCIA'!B:B,0)),"") -> 1671.8 | I37: =IF(D37<>"",ROUND(G37*H37,2),"") -> 1671.8 | J37: =IF(D37<>"",ROUND(H37*(1+$D$5),2),"") -> 2087.58 | K37: =IF(D37<>"",ROUND(G37*J37,2),"") -> 2087.58
B38: 3.2.1.3 | C38: =IFERROR(IF(D38<>"",INDEX('BASE-REFERENCIA'!A:A,MATCH(ORÇAMENTO!D38,'BASE-REFERENCIA'!B:B,0)),""),"-") -> SICOR | D38: ED-16342 | E38: =IF(D38<>"",INDEX('BASE-REFERENCIA'!C:C,MATCH(ORÇAMENTO!D38,'BASE-REFERENCIA'!B:B,0)),"") -> LIGAÇÃO PROVISÓRIA DE ENERGIA ELÉTRICA PARA CONTAINER | F38: =IF(D38<>"",INDEX('BASE-REFERENCIA'!D:D,MATCH(ORÇAMENTO!D38,'BASE-REFERENCIA'!B:B,0)),"") -> un | G38: 1 | H38: =IF(D38<>"",INDEX('BASE-REFERENCIA'!F:F,MATCH(ORÇAMENTO!D38,'BASE-REFERENCIA'!B:B,0)),"") -> 347.98 | I38: =IF(D38<>"",ROUND(G38*H38,2),"") -> 347.98 | J38: =IF(D38<>"",ROUND(H38*(1+$D$5),2),"") -> 434.52 | K38: =IF(D38<>"",ROUND(G38*J38,2),"") -> 434.52
E39: SUBTOTAL DO ITEM 3.2.1 | K39: =SUBTOTAL(9,OFFSET(K35,1,0):OFFSET(K39,-1,0)) -> 6491.5
E40: SUBTOTAL DO ITEM 3.2 | K40: =SUBTOTAL(9,OFFSET(K34,1,0):OFFSET(K40,-1,0)) -> 6491.5
B42: 3.3 | C42: =IFERROR(IF(D42<>"",INDEX('BASE-REFERENCIA'!A:A,MATCH(ORÇAMENTO!D42,'BASE-REFERENCIA'!B:B,0)),""),"-") | E42: ANDAIMES | F42: =IF(D42<>"",INDEX('BASE-REFERENCIA'!D:D,MATCH(ORÇAMENTO!D42,'BASE-REFERENCIA'!B:B,0)),"") | H42: =IF(D42<>"",INDEX('BASE-REFERENCIA'!F:F,MATCH(ORÇAMENTO!D42,'BASE-REFERENCIA'!B:B,0)),"") | I42: =IF(D42<>"",ROUND(G42*H42,2),"") | J42: =IF(D42<>"",ROUND(H42*(1+$D$5),2),"") | K42: =IF(D42<>"",ROUND(G42*J42,2),"")
B43: 3.3.1 | C43: =IFERROR(IF(D43<>"",INDEX('BASE-REFERENCIA'!A:A,MATCH(ORÇAMENTO!D43,'BASE-REFERENCIA'!B:B,0)),""),"-") | E43: ANDAIMES INTERNOS | F43: =IF(D43<>"",INDEX('BASE-REFERENCIA'!D:D,MATCH(ORÇAMENTO!D43,'BASE-REFERENCIA'!B:B,0)),"") | H43: =IF(D43<>"",INDEX('BASE-REFERENCIA'!F:F,MATCH(ORÇAMENTO!D43,'BASE-REFERENCIA'!B:B,0)),"") | I43: =IF(D43<>"",ROUND(G43*H43,2),"") | J43: =IF(D43<>"",ROUND(H43*(1+$D$5),2),"") | K43: =IF(D43<>"",ROUND(G43*J43,2),"")
B44: 3.3.1.1 | C44: =IFERROR(IF(D44<>"",INDEX('BASE-REFERENCIA'!A:A,MATCH(ORÇAMENTO!D44,'BASE-REFERENCIA'!B:B,0)),""),"-") -> SICOR | D44: ED-28533 | E44: =IF(D44<>"",INDEX('BASE-REFERENCIA'!C:C,MATCH(ORÇAMENTO!D44,'BASE-REFERENCIA'!B:B,0)),"") -> ANDAIME EM CAVALETE METÁLICO PARA FORRO OU SERVIÇO EM ALTURA INTERNO, COM CHAPA DE COMPENSADO E TÁBUA, COM REAPROVEITAMENTO, INCLUSIVE MONTAGEM/DESMONTAGEM E REMANEJAMENTO | F44: =IF(D44<>"",INDEX('BASE-REFERENCIA'!D:D,MATCH(ORÇAMENTO!D44,'BASE-REFERENCIA'!B:B,0)),"") -> m2 | G44: 43.05 | H44: =IF(D44<>"",INDEX('BASE-REFERENCIA'!F:F,MATCH(ORÇAMENTO!D44,'BASE-REFERENCIA'!B:B,0)),"") -> 1.66 | I44: =IF(D44<>"",ROUND(G44*H44,2),"") -> 71.46 | J44: =IF(D44<>"",ROUND(H44*(1+$D$5),2),"") -> 2.07 | K44: =IF(D44<>"",ROUND(G44*J44,2),"") -> 89.11
E45: SUBTOTAL DO ITEM 3.3.1 | K45: =SUBTOTAL(9,OFFSET(K43,1,0):OFFSET(K45,-1,0)) -> 89.11
B47: 3.3.2 | C47: =IFERROR(IF(D47<>"",INDEX('BASE-REFERENCIA'!A:A,MATCH(ORÇAMENTO!D47,'BASE-REFERENCIA'!B:B,0)),""),"-") | E47: ANDAIMES EXTERNOS | F47: =IF(D47<>"",INDEX('BASE-REFERENCIA'!D:D,MATCH(ORÇAMENTO!D47,'BASE-REFERENCIA'!B:B,0)),"") | H47: =IF(D47<>"",INDEX('BASE-REFERENCIA'!F:F,MATCH(ORÇAMENTO!D47,'BASE-REFERENCIA'!B:B,0)),"") | I47: =IF(D47<>"",ROUND(G47*H47,2),"") | J47: =IF(D47<>"",ROUND(H47*(1+$D$5),2),"") | K47: =IF(D47<>"",ROUND(G47*J47,2),"")
B48: 3.3.1.1 | C48: =IFERROR(IF(D48<>"",INDEX('BASE-REFERENCIA'!A:A,MATCH(ORÇAMENTO!D48,'BASE-REFERENCIA'!B:B,0)),""),"-") -> SICOR | D48: ED-9075 | E48: =IF(D48<>"",INDEX('BASE-REFERENCIA'!C:C,MATCH(ORÇAMENTO!D48,'BASE-REFERENCIA'!B:B,0)),"") -> FORNECIMENTO DE ANDAIME METÁLICO PARA FACHADA (LOCAÇÃO), INCLUSIVE PISO METÁLICO E SAPATAS, EXCLUSIVE MONTAGEM E DESMONTAGEM | F48: =IF(D48<>"",INDEX('BASE-REFERENCIA'!D:D,MATCH(ORÇAMENTO!D48,'BASE-REFERENCIA'!B:B,0)),"") -> m2xmês | G48: 174 | H48: =IF(D48<>"",INDEX('BASE-REFERENCIA'!F:F,MATCH(ORÇAMENTO!D48,'BASE-REFERENCIA'!B:B,0)),"") -> 12.5 | I48: =IF(D48<>"",ROUND(G48*H48,2),"") -> 2175 | J48: =IF(D48<>"",ROUND(H48*(1+$D$5),2),"") -> 15.61 | K48: =IF(D48<>"",ROUND(G48*J48,2),"") -> 2716.14
B49: 3.3.1.2 | C49: =IFERROR(IF(D49<>"",INDEX('BASE-REFERENCIA'!A:A,MATCH(ORÇAMENTO!D49,'BASE-REFERENCIA'!B:B,0)),""),"-") -> SICOR | D49: ED-48245 | E49: =IF(D49<>"",INDEX('BASE-REFERENCIA'!C:C,MATCH(ORÇAMENTO!D49,'BASE-REFERENCIA'!B:B,0)),"") -> MONTAGEM E DESMONTAGEM DE ANDAIME METÁLICO PARA FACHADA COM PISO METÁLICO, INCLUSIVE RODAPÉ/GUARDA-CORPO EM MADEIRA, EXCLUSIVE FORNECIMENTO DO ANDAIME | F49: =IF(D49<>"",INDEX('BASE-REFERENCIA'!D:D,MATCH(ORÇAMENTO!D49,'BASE-REFERENCIA'!B:B,0)),"") -> m2 | G49: 43.5 | H49: =IF(D49<>"",INDEX('BASE-REFERENCIA'!F:F,MATCH(ORÇAMENTO!D49,'BASE-REFERENCIA'!B:B,0)),"") -> 16.25 | I49: =IF(D49<>"",ROUND(G49*H49,2),"") -> 706.88 | J49: =IF(D49<>"",ROUND(H49*(1+$D$5),2),"") -> 20.29 | K49: =IF(D49<>"",ROUND(G49*J49,2),"") -> 882.62
E50: SUBTOTAL DO ITEM 3.3.1 | K50: =SUBTOTAL(9,OFFSET(K47,1,0):OFFSET(K50,-1,0)) -> 3598.76
E51: SUBTOTAL DO ITEM 3.3 | K51: =SUBTOTAL(9,OFFSET(K42,1,0):OFFSET(K51,-1,0)) -> 3687.87
E52: TOTAL DO ITEM 3 | K52: =SUBTOTAL(9,OFFSET(K27,1,0):OFFSET(K52,-1,0)) -> 11623.55
B54: 4 | C54: =IFERROR(IF(D54<>"",INDEX('BASE-REFERENCIA'!A:A,MATCH(ORÇAMENTO!D54,'BASE-REFERENCIA'!B:B,0)),""),"-") | E54: DEMOLIÇÕES E REMOÇÕES | F54: =IF(D54<>"",INDEX('BASE-REFERENCIA'!D:D,MATCH(ORÇAMENTO!D54,'BASE-REFERENCIA'!B:B,0)),"") | H54: =IF(D54<>"",INDEX('BASE-REFERENCIA'!F:F,MATCH(ORÇAMENTO!D54,'BASE-REFERENCIA'!B:B,0)),"") | I54: =IF(D54<>"",ROUND(G54*H54,2),"") | J54: =IF(D54<>"",ROUND(H54*(1+$D$5),2),"") | K54: =IF(D54<>"",ROUND(G54*J54,2),"")
B55: 4.1 | C55: =IFERROR(IF(D55<>"",INDEX('BASE-REFERENCIA'!A:A,MATCH(ORÇAMENTO!D55,'BASE-REFERENCIA'!B:B,0)),""),"-") | E55: DEMOLIÇÕES E REMOÇÕES | F55: =IF(D55<>"",INDEX('BASE-REFERENCIA'!D:D,MATCH(ORÇAMENTO!D55,'BASE-REFERENCIA'!B:B,0)),"") | H55: =IF(D55<>"",INDEX('BASE-REFERENCIA'!F:F,MATCH(ORÇAMENTO!D55,'BASE-REFERENCIA'!B:B,0)),"") | I55: =IF(D55<>"",ROUND(G55*H55,2),"") | J55: =IF(D55<>"",ROUND(H55*(1+$D$5),2),"") | K55: =IF(D55<>"",ROUND(G55*J55,2),"")
B56: 4.1.1 | C56: =IFERROR(IF(D56<>"",INDEX('BASE-REFERENCIA'!A:A,MATCH(ORÇAMENTO!D56,'BASE-REFERENCIA'!B:B,0)),""),"-") | E56: LIMPEZA TERRENO | F56: =IF(D56<>"",INDEX('BASE-REFERENCIA'!D:D,MATCH(ORÇAMENTO!D56,'BASE-REFERENCIA'!B:B,0)),"") | H56: =IF(D56<>"",INDEX('BASE-REFERENCIA'!F:F,MATCH(ORÇAMENTO!D56,'BASE-REFERENCIA'!B:B,0)),"") | I56: =IF(D56<>"",ROUND(G56*H56,2),"") | J56: =IF(D56<>"",ROUND(H56*(1+$D$5),2),"") | K56: =IF(D56<>"",ROUND(G56*J56,2),"")
B57: 4.1.1.1 | C57: =IFERROR(IF(D57<>"",INDEX('BASE-REFERENCIA'!A:A,MATCH(ORÇAMENTO!D57,'BASE-REFERENCIA'!B:B,0)),""),"-") -> SINAPI | D57: 98524 | E57: =IF(D57<>"",INDEX('BASE-REFERENCIA'!C:C,MATCH(ORÇAMENTO!D57,'BASE-REFERENCIA'!B:B,0)),"") -> LIMPEZA MANUAL DE VEGETAÇÃO EM TERRENO COM ENXADA. AF_03/2024 | F57: =IF(D57<>"",INDEX('BASE-REFERENCIA'!D:D,MATCH(ORÇAMENTO!D57,'BASE-REFERENCIA'!B:B,0)),"") -> M2 | G57: 57.61 | H57: =IF(D57<>"",INDEX('BASE-REFERENCIA'!F:F,MATCH(ORÇAMENTO!D57,'BASE-REFERENCIA'!B:B,0)),"") -> 4.82 | I57: =IF(D57<>"",ROUND(G57*H57,2),"") -> 277.68 | J57: =IF(D57<>"",ROUND(H57*(1+$D$5),2),"") -> 6.02 | K57: =IF(D57<>"",ROUND(G57*J57,2),"") -> 346.81
E58: SUBTOTAL DO ITEM 4.1.1 | K58: =SUBTOTAL(9,OFFSET(K56,1,0):OFFSET(K58,-1,0)) -> 346.81
B60: 4.1.2 | C60: =IFERROR(IF(D60<>"",INDEX('BASE-REFERENCIA'!A:A,MATCH(ORÇAMENTO!D60,'BASE-REFERENCIA'!B:B,0)),""),"-") | E60: ALAMBRADO | F60: =IF(D60<>"",INDEX('BASE-REFERENCIA'!D:D,MATCH(ORÇAMENTO!D60,'BASE-REFERENCIA'!B:B,0)),"") | H60: =IF(D60<>"",INDEX('BASE-REFERENCIA'!F:F,MATCH(ORÇAMENTO!D60,'BASE-REFERENCIA'!B:B,0)),"") | I60: =IF(D60<>"",ROUND(G60*H60,2),"") | J60: =IF(D60<>"",ROUND(H60*(1+$D$5),2),"") | K60: =IF(D60<>"",ROUND(G60*J60,2),"")
B61: 4.1.2.1 | C61: =IFERROR(IF(D61<>"",INDEX('BASE-REFERENCIA'!A:A,MATCH(ORÇAMENTO!D61,'BASE-REFERENCIA'!B:B,0)),""),"-") -> COMPOSIÇÃO | D61: CPU-001 | E61: =IF(D61<>"",INDEX('BASE-REFERENCIA'!C:C,MATCH(ORÇAMENTO!D61,'BASE-REFERENCIA'!B:B,0)),"") -> REMOÇÃO MANUAL DE ALAMBRADO METÁLICO, SEM REAPROVEITAMENTO, INCLUSIVE AFASTAMENTO E EMPILHAMENTO, EXCLUSIVE TRANSPORTE E RETIRADA DO MATERIAL REMOVIDO NÃO REAPROVEITÁVEL - BASEADO SETOP (ED-48434) | F61: =IF(D61<>"",INDEX('BASE-REFERENCIA'!D:D,MATCH(ORÇAMENTO!D61,'BASE-REFERENCIA'!B:B,0)),"") -> m² | G61: 117.83 | H61: =IF(D61<>"",INDEX('BASE-REFERENCIA'!F:F,MATCH(ORÇAMENTO!D61,'BASE-REFERENCIA'!B:B,0)),"") -> 21.57 | I61: =IF(D61<>"",ROUND(G61*H61,2),"") -> 2541.59 | J61: =IF(D61<>"",ROUND(H61*(1+$D$5),2),"") -> 26.93 | K61: =IF(D61<>"",ROUND(G61*J61,2),"") -> 3173.16
E62: SUBTOTAL DO ITEM 4.1.2 | K62: =SUBTOTAL(9,OFFSET(K60,1,0):OFFSET(K62,-1,0)) -> 3173.16
B64: 4.1.3 | C64: =IFERROR(IF(D64<>"",INDEX('BASE-REFERENCIA'!A:A,MATCH(ORÇAMENTO!D64,'BASE-REFERENCIA'!B:B,0)),""),"-") | E64: PORTÃO | F64: =IF(D64<>"",INDEX('BASE-REFERENCIA'!D:D,MATCH(ORÇAMENTO!D64,'BASE-REFERENCIA'!B:B,0)),"") | H64: =IF(D64<>"",INDEX('BASE-REFERENCIA'!F:F,MATCH(ORÇAMENTO!D64,'BASE-REFERENCIA'!B:B,0)),"") | I64: =IF(D64<>"",ROUND(G64*H64,2),"") | J64: =IF(D64<>"",ROUND(H64*(1+$D$5),2),"") | K64: =IF(D64<>"",ROUND(G64*J64,2),"")
B65: 4.1.3.1 | C65: =IFERROR(IF(D65<>"",INDEX('BASE-REFERENCIA'!A:A,MATCH(ORÇAMENTO!D65,'BASE-REFERENCIA'!B:B,0)),""),"-") -> COMPOSIÇÃO | D65: CPU-002 | E65: =IF(D65<>"",INDEX('BASE-REFERENCIA'!C:C,MATCH(ORÇAMENTO!D65,'BASE-REFERENCIA'!B:B,0)),"") -> REMOÇÃO DE PORTÃO, DE FORMA MANUAL, SEM REAPROVEITAMENTO. AF_12/2017 - BASEADO EM SINAPI (97644) | F65: =IF(D65<>"",INDEX('BASE-REFERENCIA'!D:D,MATCH(ORÇAMENTO!D65,'BASE-REFERENCIA'!B:B,0)),"") -> m² | G65: 5 | H65: =IF(D65<>"",INDEX('BASE-REFERENCIA'!F:F,MATCH(ORÇAMENTO!D65,'BASE-REFERENCIA'!B:B,0)),"") -> 9.94 | I65: =IF(D65<>"",ROUND(G65*H65,2),"") -> 49.7 | J65: =IF(D65<>"",ROUND(H65*(1+$D$5),2),"") -> 12.41 | K65: =IF(D65<>"",ROUND(G65*J65,2),"") -> 62.05
E66: SUBTOTAL DO ITEM 4.1.3 | K66: =SUBTOTAL(9,OFFSET(K64,1,0):OFFSET(K66,-1,0)) -> 62.05
B68: 4.1.4 | C68: =IFERROR(IF(D68<>"",INDEX('BASE-REFERENCIA'!A:A,MATCH(ORÇAMENTO!D68,'BASE-REFERENCIA'!B:B,0)),""),"-") | E68: FORRO | F68: =IF(D68<>"",INDEX('BASE-REFERENCIA'!D:D,MATCH(ORÇAMENTO!D68,'BASE-REFERENCIA'!B:B,0)),"") | H68: =IF(D68<>"",INDEX('BASE-REFERENCIA'!F:F,MATCH(ORÇAMENTO!D68,'BASE-REFERENCIA'!B:B,0)),"") | I68: =IF(D68<>"",ROUND(G68*H68,2),"") | J68: =IF(D68<>"",ROUND(H68*(1+$D$5),2),"") | K68: =IF(D68<>"",ROUND(G68*J68,2),"")
B69: 4.1.4.1 | C69: =IFERROR(IF(D69<>"",INDEX('BASE-REFERENCIA'!A:A,MATCH(ORÇAMENTO!D69,'BASE-REFERENCIA'!B:B,0)),""),"-") -> SINAPI | D69: 97641 | E69: =IF(D69<>"",INDEX('BASE-REFERENCIA'!C:C,MATCH(ORÇAMENTO!D69,'BASE-REFERENCIA'!B:B,0)),"") -> REMOÇÃO DE FORRO DE GESSO, DE FORMA MANUAL, SEM REAPROVEITAMENTO. AF_09/2023 | F69: =IF(D69<>"",INDEX('BASE-REFERENCIA'!D:D,MATCH(ORÇAMENTO!D69,'BASE-REFERENCIA'!B:B,0)),"") -> M2 | G69: 392.41 | H69: =IF(D69<>"",INDEX('BASE-REFERENCIA'!F:F,MATCH(ORÇAMENTO!D69,'BASE-REFERENCIA'!B:B,0)),"") -> 3.21 | I69: =IF(D69<>"",ROUND(G69*H69,2),"") -> 1259.64 | J69: =IF(D69<>"",ROUND(H69*(1+$D$5),2),"") -> 4.01 | K69: =IF(D69<>"",ROUND(G69*J69,2),"") -> 1573.56
E70: SUBTOTAL DO ITEM 4.1.2 | K70: =SUBTOTAL(9,OFFSET(K68,1,0):OFFSET(K70,-1,0)) -> 1573.56
B72: 4.1.5 | C72: =IFERROR(IF(D72<>"",INDEX('BASE-REFERENCIA'!A:A,MATCH(ORÇAMENTO!D72,'BASE-REFERENCIA'!B:B,0)),""),"-") | E72: TRANSPORTE | F72: =IF(D72<>"",INDEX('BASE-REFERENCIA'!D:D,MATCH(ORÇAMENTO!D72,'BASE-REFERENCIA'!B:B,0)),"") | H72: =IF(D72<>"",INDEX('BASE-REFERENCIA'!F:F,MATCH(ORÇAMENTO!D72,'BASE-REFERENCIA'!B:B,0)),"") | I72: =IF(D72<>"",ROUND(G72*H72,2),"") | J72: =IF(D72<>"",ROUND(H72*(1+$D$5),2),"") | K72: =IF(D72<>"",ROUND(G72*J72,2),"")
B73: 4.1.5.1 | C73: =IFERROR(IF(D73<>"",INDEX('BASE-REFERENCIA'!A:A,MATCH(ORÇAMENTO!D73,'BASE-REFERENCIA'!B:B,0)),""),"-") -> SICOR | D73: ED-51134 | E73: =IF(D73<>"",INDEX('BASE-REFERENCIA'!C:C,MATCH(ORÇAMENTO!D73,'BASE-REFERENCIA'!B:B,0)),"") -> TRANSPORTE DE MATERIAL DE QUALQUER NATUREZA COM CARRINHO DE MÃO, COM DISTÂNCIAS MAIORES QUE 50M E MENORES OU IGUAIS A 100M, INCLUSIVE CARGA/DESGARGA | F73: =IF(D73<>"",INDEX('BASE-REFERENCIA'!D:D,MATCH(ORÇAMENTO!D73,'BASE-REFERENCIA'!B:B,0)),"") -> m3 | G73: 70.9 | H73: =IF(D73<>"",INDEX('BASE-REFERENCIA'!F:F,MATCH(ORÇAMENTO!D73,'BASE-REFERENCIA'!B:B,0)),"") -> 44.91 | I73: =IF(D73<>"",ROUND(G73*H73,2),"") -> 3184.12 | J73: =IF(D73<>"",ROUND(H73*(1+$D$5),2),"") -> 56.08 | K73: =IF(D73<>"",ROUND(G73*J73,2),"") -> 3976.07
B74: 4.1.5.1 | C74: =IFERROR(IF(D74<>"",INDEX('BASE-REFERENCIA'!A:A,MATCH(ORÇAMENTO!D74,'BASE-REFERENCIA'!B:B,0)),""),"-") -> SICOR | D74: ED-51125 | E74: =IF(D74<>"",INDEX('BASE-REFERENCIA'!C:C,MATCH(ORÇAMENTO!D74,'BASE-REFERENCIA'!B:B,0)),"") -> TRANSPORTE DE MATERIAL DEMOLIDO EM CAÇAMBA, EXCLUSIVE CARGA MANUAL OU MECÂNICA | F74: =IF(D74<>"",INDEX('BASE-REFERENCIA'!D:D,MATCH(ORÇAMENTO!D74,'BASE-REFERENCIA'!B:B,0)),"") -> m3 | G74: 70.9 | H74: =IF(D74<>"",INDEX('BASE-REFERENCIA'!F:F,MATCH(ORÇAMENTO!D74,'BASE-REFERENCIA'!B:B,0)),"") -> 83 | I74: =IF(D74<>"",ROUND(G74*H74,2),"") -> 5884.7 | J74: =IF(D74<>"",ROUND(H74*(1+$D$5),2),"") -> 103.64 | K74: =IF(D74<>"",ROUND(G74*J74,2),"") -> 7348.08
E75: SUBTOTAL DO ITEM 4.1.3 | K75: =SUBTOTAL(9,OFFSET(K72,1,0):OFFSET(K75,-1,0)) -> 11324.15
E76: SUBTOTAL DO ITEM 4.1 | K76: =SUBTOTAL(9,OFFSET(K55,1,0):OFFSET(K76,-1,0)) -> 16479.73
E77: TOTAL DO ITEM 4 | K77: =SUBTOTAL(9,OFFSET(K54,1,0):OFFSET(K77,-1,0)) -> 16479.73
B79: 5 | C79: =IFERROR(IF(D79<>"",INDEX('BASE-REFERENCIA'!A:A,MATCH(ORÇAMENTO!D79,'BASE-REFERENCIA'!B:B,0)),""),"-") | E79: REFORMA E CONSTRUÇÃO | F79: =IF(D79<>"",INDEX('BASE-REFERENCIA'!D:D,MATCH(ORÇAMENTO!D79,'BASE-REFERENCIA'!B:B,0)),"") | H79: =IF(D79<>"",INDEX('BASE-REFERENCIA'!F:F,MATCH(ORÇAMENTO!D79,'BASE-REFERENCIA'!B:B,0)),"") | I79: =IF(D79<>"",ROUND(G79*H79,2),"") | J79: =IF(D79<>"",ROUND(H79*(1+$D$5),2),"") | K79: =IF(D79<>"",ROUND(G79*J79,2),"")
B80: 5.1 | C80: =IFERROR(IF(D80<>"",INDEX('BASE-REFERENCIA'!A:A,MATCH(ORÇAMENTO!D80,'BASE-REFERENCIA'!B:B,0)),""),"-") | E80: REFORMA E CONSTRUÇÃO | F80: =IF(D80<>"",INDEX('BASE-REFERENCIA'!D:D,MATCH(ORÇAMENTO!D80,'BASE-REFERENCIA'!B:B,0)),"") | H80: =IF(D80<>"",INDEX('BASE-REFERENCIA'!F:F,MATCH(ORÇAMENTO!D80,'BASE-REFERENCIA'!B:B,0)),"") | I80: =IF(D80<>"",ROUND(G80*H80,2),"") | J80: =IF(D80<>"",ROUND(H80*(1+$D$5),2),"") | K80: =IF(D80<>"",ROUND(G80*J80,2),"")
B81: 5.1.1 | C81: =IFERROR(IF(D81<>"",INDEX('BASE-REFERENCIA'!A:A,MATCH(ORÇAMENTO!D81,'BASE-REFERENCIA'!B:B,0)),""),"-") | E81: ALVENARIA, CHAPISCO E REBOCO | F81: =IF(D81<>"",INDEX('BASE-REFERENCIA'!D:D,MATCH(ORÇAMENTO!D81,'BASE-REFERENCIA'!B:B,0)),"") | H81: =IF(D81<>"",INDEX('BASE-REFERENCIA'!F:F,MATCH(ORÇAMENTO!D81,'BASE-REFERENCIA'!B:B,0)),"") | I81: =IF(D81<>"",ROUND(G81*H81,2),"") | J81: =IF(D81<>"",ROUND(H81*(1+$D$5),2),"") | K81: =IF(D81<>"",ROUND(G81*J81,2),"")
B82: 5.1.1.1 | C82: =IFERROR(IF(D82<>"",INDEX('BASE-REFERENCIA'!A:A,MATCH(ORÇAMENTO!D82,'BASE-REFERENCIA'!B:B,0)),""),"-") -> SICOR | D82: ED-48232 | E82: =IF(D82<>"",INDEX('BASE-REFERENCIA'!C:C,MATCH(ORÇAMENTO!D82,'BASE-REFERENCIA'!B:B,0)),"") -> ALVENARIA DE VEDAÇÃO COM TIJOLO CERÂMICO FURADO, ESP. 14CM, PARA REVESTIMENTO, INCLUSIVE ARGAMASSA PARA ASSENTAMENTO | F82: =IF(D82<>"",INDEX('BASE-REFERENCIA'!D:D,MATCH(ORÇAMENTO!D82,'BASE-REFERENCIA'!B:B,0)),"") -> m2 | G82: 2.52 | H82: =IF(D82<>"",INDEX('BASE-REFERENCIA'!F:F,MATCH(ORÇAMENTO!D82,'BASE-REFERENCIA'!B:B,0)),"") -> 70.36 | I82: =IF(D82<>"",ROUND(G82*H82,2),"") -> 177.31 | J82: =IF(D82<>"",ROUND(H82*(1+$D$5),2),"") -> 87.86 | K82: =IF(D82<>"",ROUND(G82*J82,2),"") -> 221.41
B83: 5.1.1.2 | C83: =IFERROR(IF(D83<>"",INDEX('BASE-REFERENCIA'!A:A,MATCH(ORÇAMENTO!D83,'BASE-REFERENCIA'!B:B,0)),""),"-") -> SICOR | D83: ED-8346 | E83: =IF(D83<>"",INDEX('BASE-REFERENCIA'!C:C,MATCH(ORÇAMENTO!D83,'BASE-REFERENCIA'!B:B,0)),"") -> ENCUNHAMENTO DE ALVENARIA DE VEDAÇÃO COM ARGAMASSA, INCLUSIVE ADITIVO EXPANSOR PARA ENCUNHAMENTO | F83: =IF(D83<>"",INDEX('BASE-REFERENCIA'!D:D,MATCH(ORÇAMENTO!D83,'BASE-REFERENCIA'!B:B,0)),"") -> m | G83: 1.2 | H83: =IF(D83<>"",INDEX('BASE-REFERENCIA'!F:F,MATCH(ORÇAMENTO!D83,'BASE-REFERENCIA'!B:B,0)),"") -> 7.31 | I83: =IF(D83<>"",ROUND(G83*H83,2),"") -> 8.77 | J83: =IF(D83<>"",ROUND(H83*(1+$D$5),2),"") -> 9.13 | K83: =IF(D83<>"",ROUND(G83*J83,2),"") -> 10.96
B84: 5.1.1.3 | C84: =IFERROR(IF(D84<>"",INDEX('BASE-REFERENCIA'!A:A,MATCH(ORÇAMENTO!D84,'BASE-REFERENCIA'!B:B,0)),""),"-") -> SICOR | D84: ED-50727 | E84: =IF(D84<>"",INDEX('BASE-REFERENCIA'!C:C,MATCH(ORÇAMENTO!D84,'BASE-REFERENCIA'!B:B,0)),"") -> CHAPISCO COM ARGAMASSA, TRAÇO 1:3 (CIMENTO E AREIA), ESP. 5MM, APLICADO EM ALVENARIA/ESTRUTURA DE CONCRETO COM COLHER, INCLUSIVE ARGAMASSA COM PREPARO MECANIZADO | F84: =IF(D84<>"",INDEX('BASE-REFERENCIA'!D:D,MATCH(ORÇAMENTO!D84,'BASE-REFERENCIA'!B:B,0)),"") -> m2 | G84: 5.04 | H84: =IF(D84<>"",INDEX('BASE-REFERENCIA'!F:F,MATCH(ORÇAMENTO!D84,'BASE-REFERENCIA'!B:B,0)),"") -> 10.01 | I84: =IF(D84<>"",ROUND(G84*H84,2),"") -> 50.45 | J84: =IF(D84<>"",ROUND(H84*(1+$D$5),2),"") -> 12.5 | K84: =IF(D84<>"",ROUND(G84*J84,2),"") -> 63
B85: 5.1.1.4 | C85: =IFERROR(IF(D85<>"",INDEX('BASE-REFERENCIA'!A:A,MATCH(ORÇAMENTO!D85,'BASE-REFERENCIA'!B:B,0)),""),"-") -> SICOR | D85: ED-50759 | E85: =IF(D85<>"",INDEX('BASE-REFERENCIA'!C:C,MATCH(ORÇAMENTO!D85,'BASE-REFERENCIA'!B:B,0)),"") -> REBOCO COM ARGAMASSA, TRAÇO 1:7 (CIMENTO E AREIA), ESP. 20MM, APLICAÇÃO MANUAL, INCLUSIVE ARGAMASSA COM PREPARO MECANIZADO, EXCLUSIVE CHAPISCO | F85: =IF(D85<>"",INDEX('BASE-REFERENCIA'!D:D,MATCH(ORÇAMENTO!D85,'BASE-REFERENCIA'!B:B,0)),"") -> m2 | G85: 5.04 | H85: =IF(D85<>"",INDEX('BASE-REFERENCIA'!F:F,MATCH(ORÇAMENTO!D85,'BASE-REFERENCIA'!B:B,0)),"") -> 34.54 | I85: =IF(D85<>"",ROUND(G85*H85,2),"") -> 174.08 | J85: =IF(D85<>"",ROUND(H85*(1+$D$5),2),"") -> 43.13 | K85: =IF(D85<>"",ROUND(G85*J85,2),"") -> 217.38
E86: SUBTOTAL DO ITEM 5.1.1 | K86: =SUBTOTAL(9,OFFSET(K81,1,0):OFFSET(K86,-1,0)) -> 512.75
B88: 5.1.2 | C88: =IFERROR(IF(D88<>"",INDEX('BASE-REFERENCIA'!A:A,MATCH(ORÇAMENTO!D88,'BASE-REFERENCIA'!B:B,0)),""),"-") | E88: PISO INTERNO | F88: =IF(D88<>"",INDEX('BASE-REFERENCIA'!D:D,MATCH(ORÇAMENTO!D88,'BASE-REFERENCIA'!B:B,0)),"") | H88: =IF(D88<>"",INDEX('BASE-REFERENCIA'!F:F,MATCH(ORÇAMENTO!D88,'BASE-REFERENCIA'!B:B,0)),"") | I88: =IF(D88<>"",ROUND(G88*H88,2),"") | J88: =IF(D88<>"",ROUND(H88*(1+$D$5),2),"") | K88: =IF(D88<>"",ROUND(G88*J88,2),"")
B89: 5.1.2.1 | C89: =IFERROR(IF(D89<>"",INDEX('BASE-REFERENCIA'!A:A,MATCH(ORÇAMENTO!D89,'BASE-REFERENCIA'!B:B,0)),""),"-") -> SICOR | D89: ED-50566 | E89: =IF(D89<>"",INDEX('BASE-REFERENCIA'!C:C,MATCH(ORÇAMENTO!D89,'BASE-REFERENCIA'!B:B,0)),"") -> CONTRAPISO DESEMPENADO COM ARGAMASSA, TRAÇO 1:3 (CIMENTO E AREIA), ESP. 20MM, INCLUSIVE ARGAMASSA COM PREPARO MECANIZADO | F89: =IF(D89<>"",INDEX('BASE-REFERENCIA'!D:D,MATCH(ORÇAMENTO!D89,'BASE-REFERENCIA'!B:B,0)),"") -> m2 | G89: 93.07 | H89: =IF(D89<>"",INDEX('BASE-REFERENCIA'!F:F,MATCH(ORÇAMENTO!D89,'BASE-REFERENCIA'!B:B,0)),"") -> 39.08 | I89: =IF(D89<>"",ROUND(G89*H89,2),"") -> 3637.18 | J89: =IF(D89<>"",ROUND(H89*(1+$D$5),2),"") -> 48.8 | K89: =IF(D89<>"",ROUND(G89*J89,2),"") -> 4541.82
B90: 5.1.2.2 | C90: =IFERROR(IF(D90<>"",INDEX('BASE-REFERENCIA'!A:A,MATCH(ORÇAMENTO!D90,'BASE-REFERENCIA'!B:B,0)),""),"-") -> SINAPI | D90: 87263 | E90: =IF(D90<>"",INDEX('BASE-REFERENCIA'!C:C,MATCH(ORÇAMENTO!D90,'BASE-REFERENCIA'!B:B,0)),"") -> REVESTIMENTO CERÂMICO PARA PISO COM PLACAS TIPO PORCELANATO DE DIMENSÕES 60X60 CM APLICADA EM AMBIENTES DE ÁREA MAIOR QUE 10 M². AF_02/2023_PE | F90: =IF(D90<>"",INDEX('BASE-REFERENCIA'!D:D,MATCH(ORÇAMENTO!D90,'BASE-REFERENCIA'!B:B,0)),"") -> M2 | G90: 93.07 | H90: =IF(D90<>"",INDEX('BASE-REFERENCIA'!F:F,MATCH(ORÇAMENTO!D90,'BASE-REFERENCIA'!B:B,0)),"") -> 112.53 | I90: =IF(D90<>"",ROUND(G90*H90,2),"") -> 10473.17 | J90: =IF(D90<>"",ROUND(H90*(1+$D$5),2),"") -> 140.52 | K90: =IF(D90<>"",ROUND(G90*J90,2),"") -> 13078.2
E91: SUBTOTAL DO ITEM 5.1.2 | K91: =SUBTOTAL(9,OFFSET(K88,1,0):OFFSET(K91,-1,0)) -> 17620.02
B93: 5.1.3 | C93: =IFERROR(IF(D93<>"",INDEX('BASE-REFERENCIA'!A:A,MATCH(ORÇAMENTO!D93,'BASE-REFERENCIA'!B:B,0)),""),"-") | E93: RODAPÉ | F93: =IF(D93<>"",INDEX('BASE-REFERENCIA'!D:D,MATCH(ORÇAMENTO!D93,'BASE-REFERENCIA'!B:B,0)),"") | H93: =IF(D93<>"",INDEX('BASE-REFERENCIA'!F:F,MATCH(ORÇAMENTO!D93,'BASE-REFERENCIA'!B:B,0)),"") | I93: =IF(D93<>"",ROUND(G93*H93,2),"") | J93: =IF(D93<>"",ROUND(H93*(1+$D$5),2),"") | K93: =IF(D93<>"",ROUND(G93*J93,2),"")
B94: 5.1.3.1 | C94: =IFERROR(IF(D94<>"",INDEX('BASE-REFERENCIA'!A:A,MATCH(ORÇAMENTO!D94,'BASE-REFERENCIA'!B:B,0)),""),"-") -> SICOR | D94: ED-50772 | E94: =IF(D94<>"",INDEX('BASE-REFERENCIA'!C:C,MATCH(ORÇAMENTO!D94,'BASE-REFERENCIA'!B:B,0)),"") -> RODAPÉ DE GRANITO, NA COR CINZA ANDORINHA, ESP. 2CM, ALTURA DE 7CM, ACABAMENTO POLIDO, ASSENTAMENTO COM ARGAMASSA INDUSTRIALIZADA, INCLUSIVE REJUNTAMENTO | F94: =IF(D94<>"",INDEX('BASE-REFERENCIA'!D:D,MATCH(ORÇAMENTO!D94,'BASE-REFERENCIA'!B:B,0)),"") -> m | G94: 48.4 | H94: =IF(D94<>"",INDEX('BASE-REFERENCIA'!F:F,MATCH(ORÇAMENTO!D94,'BASE-REFERENCIA'!B:B,0)),"") -> 36.91 | I94: =IF(D94<>"",ROUND(G94*H94,2),"") -> 1786.44 | J94: =IF(D94<>"",ROUND(H94*(1+$D$5),2),"") -> 46.09 | K94: =IF(D94<>"",ROUND(G94*J94,2),"") -> 2230.76
E95: SUBTOTAL DO ITEM 5.1.3 | K95: =SUBTOTAL(9,OFFSET(K93,1,0):OFFSET(K95,-1,0)) -> 2230.76
B97: 5.1.4 | C97: =IFERROR(IF(D97<>"",INDEX('BASE-REFERENCIA'!A:A,MATCH(ORÇAMENTO!D97,'BASE-REFERENCIA'!B:B,0)),""),"-") | E97: PISO EXTERNO | F97: =IF(D97<>"",INDEX('BASE-REFERENCIA'!D:D,MATCH(ORÇAMENTO!D97,'BASE-REFERENCIA'!B:B,0)),"") | H97: =IF(D97<>"",INDEX('BASE-REFERENCIA'!F:F,MATCH(ORÇAMENTO!D97,'BASE-REFERENCIA'!B:B,0)),"") | I97: =IF(D97<>"",ROUND(G97*H97,2),"") | J97: =IF(D97<>"",ROUND(H97*(1+$D$5),2),"") | K97: =IF(D97<>"",ROUND(G97*J97,2),"")
B98: 5.1.4.1 | C98: =IFERROR(IF(D98<>"",INDEX('BASE-REFERENCIA'!A:A,MATCH(ORÇAMENTO!D98,'BASE-REFERENCIA'!B:B,0)),""),"-") -> SICOR | D98: ED-9320 | E98: =IF(D98<>"",INDEX('BASE-REFERENCIA'!C:C,MATCH(ORÇAMENTO!D98,'BASE-REFERENCIA'!B:B,0)),"") -> PISO EM CONCRETO USINADO CONVENCIONAL COM DE FCK 15MPA, COM TELA SOLDADA NERVURADA TIPO Q-138, ACABAMENTO POLÍDO EM NÍVEL ZERO, ESP. 10CM, INCLUSIVE FORNECIMENTO, LANÇAMENTO, ADENSAMENTO, EXCLUSIVE JUNTA DE DILATAÇÃO | F98: =IF(D98<>"",INDEX('BASE-REFERENCIA'!D:D,MATCH(ORÇAMENTO!D98,'BASE-REFERENCIA'!B:B,0)),"") -> m2 | G98: 91.88 | H98: =IF(D98<>"",INDEX('BASE-REFERENCIA'!F:F,MATCH(ORÇAMENTO!D98,'BASE-REFERENCIA'!B:B,0)),"") -> 144.14 | I98: =IF(D98<>"",ROUND(G98*H98,2),"") -> 13243.58 | J98: =IF(D98<>"",ROUND(H98*(1+$D$5),2),"") -> 179.99 | K98: =IF(D98<>"",ROUND(G98*J98,2),"") -> 16537.48
B99: 5.1.4.2 | C99: =IFERROR(IF(D99<>"",INDEX('BASE-REFERENCIA'!A:A,MATCH(ORÇAMENTO!D99,'BASE-REFERENCIA'!B:B,0)),""),"-") -> SINAPI | D99: 102494 | E99: =IF(D99<>"",INDEX('BASE-REFERENCIA'!C:C,MATCH(ORÇAMENTO!D99,'BASE-REFERENCIA'!B:B,0)),"") -> PINTURA DE PISO COM TINTA EPÓXI, APLICAÇÃO MANUAL, 2 DEMÃOS, INCLUSO PRIMER EPÓXI. AF_05/2021 | F99: =IF(D99<>"",INDEX('BASE-REFERENCIA'!D:D,MATCH(ORÇAMENTO!D99,'BASE-REFERENCIA'!B:B,0)),"") -> M2 | G99: 91.88 | H99: =IF(D99<>"",INDEX('BASE-REFERENCIA'!F:F,MATCH(ORÇAMENTO!D99,'BASE-REFERENCIA'!B:B,0)),"") -> 78.36 | I99: =IF(D99<>"",ROUND(G99*H99,2),"") -> 7199.72 | J99: =IF(D99<>"",ROUND(H99*(1+$D$5),2),"") -> 97.85 | K99: =IF(D99<>"",ROUND(G99*J99,2),"") -> 8990.46
E100: SUBTOTAL DO ITEM 5.1.4 | K100: =SUBTOTAL(9,OFFSET(K97,1,0):OFFSET(K100,-1,0)) -> 25527.94
B102: 5.1.5 | C102: =IFERROR(IF(D102<>"",INDEX('BASE-REFERENCIA'!A:A,MATCH(ORÇAMENTO!D102,'BASE-REFERENCIA'!B:B,0)),""),"-") | E102: PAREDES INTERNAS | F102: =IF(D102<>"",INDEX('BASE-REFERENCIA'!D:D,MATCH(ORÇAMENTO!D102,'BASE-REFERENCIA'!B:B,0)),"") | H102: =IF(D102<>"",INDEX('BASE-REFERENCIA'!F:F,MATCH(ORÇAMENTO!D102,'BASE-REFERENCIA'!B:B,0)),"") | I102: =IF(D102<>"",ROUND(G102*H102,2),"") | J102: =IF(D102<>"",ROUND(H102*(1+$D$5),2),"") | K102: =IF(D102<>"",ROUND(G102*J102,2),"")
B103: 5.1.5.1 | C103: =IFERROR(IF(D103<>"",INDEX('BASE-REFERENCIA'!A:A,MATCH(ORÇAMENTO!D103,'BASE-REFERENCIA'!B:B,0)),""),"-") -> SICOR | D103: ED-50473 | E103: =IF(D103<>"",INDEX('BASE-REFERENCIA'!C:C,MATCH(ORÇAMENTO!D103,'BASE-REFERENCIA'!B:B,0)),"") -> EMASSAMENTO EM PAREDE COM MASSA ACRÍLICA, UMA (1) DEMÃO, INCLUSIVE LIXAMENTO PARA PINTURA | F103: =IF(D103<>"",INDEX('BASE-REFERENCIA'!D:D,MATCH(ORÇAMENTO!D103,'BASE-REFERENCIA'!B:B,0)),"") -> m2 | G103: 372.51 | H103: =IF(D103<>"",INDEX('BASE-REFERENCIA'!F:F,MATCH(ORÇAMENTO!D103,'BASE-REFERENCIA'!B:B,0)),"") -> 15.92 | I103: =IF(D103<>"",ROUND(G103*H103,2),"") -> 5930.36 | J103: =IF(D103<>"",ROUND(H103*(1+$D$5),2),"") -> 19.88 | K103: =IF(D103<>"",ROUND(G103*J103,2),"") -> 7405.5
B104: 5.1.5.2 | C104: =IFERROR(IF(D104<>"",INDEX('BASE-REFERENCIA'!A:A,MATCH(ORÇAMENTO!D104,'BASE-REFERENCIA'!B:B,0)),""),"-") -> SINAPI | D104: 88485 | E104: =IF(D104<>"",INDEX('BASE-REFERENCIA'!C:C,MATCH(ORÇAMENTO!D104,'BASE-REFERENCIA'!B:B,0)),"") -> FUNDO SELADOR ACRÍLICO, APLICAÇÃO MANUAL EM PAREDE, UMA DEMÃO. AF_04/2023 | F104: =IF(D104<>"",INDEX('BASE-REFERENCIA'!D:D,MATCH(ORÇAMENTO!D104,'BASE-REFERENCIA'!B:B,0)),"") -> M2 | G104: 313.95 | H104: =IF(D104<>"",INDEX('BASE-REFERENCIA'!F:F,MATCH(ORÇAMENTO!D104,'BASE-REFERENCIA'!B:B,0)),"") -> 4.68 | I104: =IF(D104<>"",ROUND(G104*H104,2),"") -> 1469.29 | J104: =IF(D104<>"",ROUND(H104*(1+$D$5),2),"") -> 5.84 | K104: =IF(D104<>"",ROUND(G104*J104,2),"") -> 1833.47
B105: 5.1.5.3 | C105: =IFERROR(IF(D105<>"",INDEX('BASE-REFERENCIA'!A:A,MATCH(ORÇAMENTO!D105,'BASE-REFERENCIA'!B:B,0)),""),"-") -> SICOR | D105: ED-50451 | E105: =IF(D105<>"",INDEX('BASE-REFERENCIA'!C:C,MATCH(ORÇAMENTO!D105,'BASE-REFERENCIA'!B:B,0)),"") -> PINTURA ACRÍLICA EM PAREDE, DUAS (2) DEMÃOS, COM APLICAÇÃO MANUAL, EXCLUSIVE SELADOR ACRÍLICO E MASSA ACRÍLICA/CORRIDA (PVA) | F105: =IF(D105<>"",INDEX('BASE-REFERENCIA'!D:D,MATCH(ORÇAMENTO!D105,'BASE-REFERENCIA'!B:B,0)),"") -> m2 | G105: 313.95 | H105: =IF(D105<>"",INDEX('BASE-REFERENCIA'!F:F,MATCH(ORÇAMENTO!D105,'BASE-REFERENCIA'!B:B,0)),"") -> 16.34 | I105: =IF(D105<>"",ROUND(G105*H105,2),"") -> 5129.94 | J105: =IF(D105<>"",ROUND(H105*(1+$D$5),2),"") -> 20.4 | K105: =IF(D105<>"",ROUND(G105*J105,2),"") -> 6404.58
B106: 5.1.5.4 | C106: =IFERROR(IF(D106<>"",INDEX('BASE-REFERENCIA'!A:A,MATCH(ORÇAMENTO!D106,'BASE-REFERENCIA'!B:B,0)),""),"-") -> SINAPI | D106: 87267 | E106: =IF(D106<>"",INDEX('BASE-REFERENCIA'!C:C,MATCH(ORÇAMENTO!D106,'BASE-REFERENCIA'!B:B,0)),"") -> REVESTIMENTO CERÂMICO PARA PAREDES INTERNAS COM PLACAS TIPO ESMALTADA DE DIMENSÕES 20X20 CM APLICADAS A MEIA ALTURA DAS PAREDES. AF_02/2023_PE | F106: =IF(D106<>"",INDEX('BASE-REFERENCIA'!D:D,MATCH(ORÇAMENTO!D106,'BASE-REFERENCIA'!B:B,0)),"") -> M2 | G106: 58.56 | H106: =IF(D106<>"",INDEX('BASE-REFERENCIA'!F:F,MATCH(ORÇAMENTO!D106,'BASE-REFERENCIA'!B:B,0)),"") -> 66.68 | I106: =IF(D106<>"",ROUND(G106*H106,2),"") -> 3904.78 | J106: =IF(D106<>"",ROUND(H106*(1+$D$5),2),"") -> 83.26 | K106: =IF(D106<>"",ROUND(G106*J106,2),"") -> 4875.71
E107: SUBTOTAL DO ITEM 5.1.5 | K107: =SUBTOTAL(9,OFFSET(K102,1,0):OFFSET(K107,-1,0)) -> 20519.26
B109: 5.1.6 | C109: =IFERROR(IF(D109<>"",INDEX('BASE-REFERENCIA'!A:A,MATCH(ORÇAMENTO!D109,'BASE-REFERENCIA'!B:B,0)),""),"-") | E109: PAREDES EXTERNAS | F109: =IF(D109<>"",INDEX('BASE-REFERENCIA'!D:D,MATCH(ORÇAMENTO!D109,'BASE-REFERENCIA'!B:B,0)),"") | H109: =IF(D109<>"",INDEX('BASE-REFERENCIA'!F:F,MATCH(ORÇAMENTO!D109,'BASE-REFERENCIA'!B:B,0)),"") | I109: =IF(D109<>"",ROUND(G109*H109,2),"") | J109: =IF(D109<>"",ROUND(H109*(1+$D$5),2),"") | K109: =IF(D109<>"",ROUND(G109*J109,2),"")
B110: 5.1.6.1 | C110: =IFERROR(IF(D110<>"",INDEX('BASE-REFERENCIA'!A:A,MATCH(ORÇAMENTO!D110,'BASE-REFERENCIA'!B:B,0)),""),"-") -> SICOR | D110: ED-50759 | E110: =IF(D110<>"",INDEX('BASE-REFERENCIA'!C:C,MATCH(ORÇAMENTO!D110,'BASE-REFERENCIA'!B:B,0)),"") -> REBOCO COM ARGAMASSA, TRAÇO 1:7 (CIMENTO E AREIA), ESP. 20MM, APLICAÇÃO MANUAL, INCLUSIVE ARGAMASSA COM PREPARO MECANIZADO, EXCLUSIVE CHAPISCO | F110: =IF(D110<>"",INDEX('BASE-REFERENCIA'!D:D,MATCH(ORÇAMENTO!D110,'BASE-REFERENCIA'!B:B,0)),"") -> m2 | G110: 73.26 | H110: =IF(D110<>"",INDEX('BASE-REFERENCIA'!F:F,MATCH(ORÇAMENTO!D110,'BASE-REFERENCIA'!B:B,0)),"") -> 34.54 | I110: =IF(D110<>"",ROUND(G110*H110,2),"") -> 2530.4 | J110: =IF(D110<>"",ROUND(H110*(1+$D$5),2),"") -> 43.13 | K110: =IF(D110<>"",ROUND(G110*J110,2),"") -> 3159.7
B111: 5.1.4.2 | C111: =IFERROR(IF(D111<>"",INDEX('BASE-REFERENCIA'!A:A,MATCH(ORÇAMENTO!D111,'BASE-REFERENCIA'!B:B,0)),""),"-") -> SICOR | D111: ED-50451 | E111: =IF(D111<>"",INDEX('BASE-REFERENCIA'!C:C,MATCH(ORÇAMENTO!D111,'BASE-REFERENCIA'!B:B,0)),"") -> PINTURA ACRÍLICA EM PAREDE, DUAS (2) DEMÃOS, COM APLICAÇÃO MANUAL, EXCLUSIVE SELADOR ACRÍLICO E MASSA ACRÍLICA/CORRIDA (PVA) | F111: =IF(D111<>"",INDEX('BASE-REFERENCIA'!D:D,MATCH(ORÇAMENTO!D111,'BASE-REFERENCIA'!B:B,0)),"") -> m2 | G111: 378.59 | H111: =IF(D111<>"",INDEX('BASE-REFERENCIA'!F:F,MATCH(ORÇAMENTO!D111,'BASE-REFERENCIA'!B:B,0)),"") -> 16.34 | I111: =IF(D111<>"",ROUND(G111*H111,2),"") -> 6186.16 | J111: =IF(D111<>"",ROUND(H111*(1+$D$5),2),"") -> 20.4 | K111: =IF(D111<>"",ROUND(G111*J111,2),"") -> 7723.24
E112: SUBTOTAL DO ITEM 5.1.6 | K112: =SUBTOTAL(9,OFFSET(K109,1,0):OFFSET(K112,-1,0)) -> 10882.94
B114: 5.1.7 | C114: =IFERROR(IF(D114<>"",INDEX('BASE-REFERENCIA'!A:A,MATCH(ORÇAMENTO!D114,'BASE-REFERENCIA'!B:B,0)),""),"-") | E114: TETO | F114: =IF(D114<>"",INDEX('BASE-REFERENCIA'!D:D,MATCH(ORÇAMENTO!D114,'BASE-REFERENCIA'!B:B,0)),"") | H114: =IF(D114<>"",INDEX('BASE-REFERENCIA'!F:F,MATCH(ORÇAMENTO!D114,'BASE-REFERENCIA'!B:B,0)),"") | I114: =IF(D114<>"",ROUND(G114*H114,2),"") | J114: =IF(D114<>"",ROUND(H114*(1+$D$5),2),"") | K114: =IF(D114<>"",ROUND(G114*J114,2),"")
B115: 5.1.7.1 | C115: =IFERROR(IF(D115<>"",INDEX('BASE-REFERENCIA'!A:A,MATCH(ORÇAMENTO!D115,'BASE-REFERENCIA'!B:B,0)),""),"-") -> SICOR | D115: ED-50728 | E115: =IF(D115<>"",INDEX('BASE-REFERENCIA'!C:C,MATCH(ORÇAMENTO!D115,'BASE-REFERENCIA'!B:B,0)),"") -> CHAPISCO COM ARGAMASSA, TRAÇO 1:3 (CIMENTO E AREIA), ESP. 5MM, APLICADO EM TETO COM COLHER, INCLUSIVE ARGAMASSA COM PREPARO MECANIZADO | F115: =IF(D115<>"",INDEX('BASE-REFERENCIA'!D:D,MATCH(ORÇAMENTO!D115,'BASE-REFERENCIA'!B:B,0)),"") -> m2 | G115: 21.97 | H115: =IF(D115<>"",INDEX('BASE-REFERENCIA'!F:F,MATCH(ORÇAMENTO!D115,'BASE-REFERENCIA'!B:B,0)),"") -> 13.95 | I115: =IF(D115<>"",ROUND(G115*H115,2),"") -> 306.48 | J115: =IF(D115<>"",ROUND(H115*(1+$D$5),2),"") -> 17.42 | K115: =IF(D115<>"",ROUND(G115*J115,2),"") -> 382.72
B116: 5.1.7.2 | C116: =IFERROR(IF(D116<>"",INDEX('BASE-REFERENCIA'!A:A,MATCH(ORÇAMENTO!D116,'BASE-REFERENCIA'!B:B,0)),""),"-") -> SICOR | D116: ED-50761 | E116: =IF(D116<>"",INDEX('BASE-REFERENCIA'!C:C,MATCH(ORÇAMENTO!D116,'BASE-REFERENCIA'!B:B,0)),"") -> REBOCO COM ARGAMASSA, TRAÇO 1:2:8 (CIMENTO, CAL E AREIA), ESP. 20MM, APLICAÇÃO MANUAL, INCLUSIVE ARGAMASSA COM PREPARO MECANIZADO, EXCLUSIVE CHAPISCO | F116: =IF(D116<>"",INDEX('BASE-REFERENCIA'!D:D,MATCH(ORÇAMENTO!D116,'BASE-REFERENCIA'!B:B,0)),"") -> m2 | G116: 21.97 | H116: =IF(D116<>"",INDEX('BASE-REFERENCIA'!F:F,MATCH(ORÇAMENTO!D116,'BASE-REFERENCIA'!B:B,0)),"") -> 38.66 | I116: =IF(D116<>"",ROUND(G116*H116,2),"") -> 849.36 | J116: =IF(D116<>"",ROUND(H116*(1+$D$5),2),"") -> 48.27 | K116: =IF(D116<>"",ROUND(G116*J116,2),"") -> 1060.49
B117: 5.1.7.3 | C117: =IFERROR(IF(D117<>"",INDEX('BASE-REFERENCIA'!A:A,MATCH(ORÇAMENTO!D117,'BASE-REFERENCIA'!B:B,0)),""),"-") -> SICOR | D117: ED-50515 | E117: =IF(D117<>"",INDEX('BASE-REFERENCIA'!C:C,MATCH(ORÇAMENTO!D117,'BASE-REFERENCIA'!B:B,0)),"") -> PREPARAÇÃO PARA EMASSAMENTO OU PINTURA (LÁTEX/ACRÍLICA) EM TETO, INCLUSIVE UMA (1) DEMÃO DE SELADOR ACRÍLICO | F117: =IF(D117<>"",INDEX('BASE-REFERENCIA'!D:D,MATCH(ORÇAMENTO!D117,'BASE-REFERENCIA'!B:B,0)),"") -> m2 | G117: 21.97 | H117: =IF(D117<>"",INDEX('BASE-REFERENCIA'!F:F,MATCH(ORÇAMENTO!D117,'BASE-REFERENCIA'!B:B,0)),"") -> 9.62 | I117: =IF(D117<>"",ROUND(G117*H117,2),"") -> 211.35 | J117: =IF(D117<>"",ROUND(H117*(1+$D$5),2),"") -> 12.01 | K117: =IF(D117<>"",ROUND(G117*J117,2),"") -> 263.86
B118: 5.1.7.4 | C118: =IFERROR(IF(D118<>"",INDEX('BASE-REFERENCIA'!A:A,MATCH(ORÇAMENTO!D118,'BASE-REFERENCIA'!B:B,0)),""),"-") -> SICOR | D118: ED-50480 | E118: =IF(D118<>"",INDEX('BASE-REFERENCIA'!C:C,MATCH(ORÇAMENTO!D118,'BASE-REFERENCIA'!B:B,0)),"") -> EMASSAMENTO EM TETO COM MASSA CORRIDA (PVA), DUAS (2) DEMÃOS, INCLUSIVE LIXAMENTO PARA PINTURA | F118: =IF(D118<>"",INDEX('BASE-REFERENCIA'!D:D,MATCH(ORÇAMENTO!D118,'BASE-REFERENCIA'!B:B,0)),"") -> m2 | G118: 21.97 | H118: =IF(D118<>"",INDEX('BASE-REFERENCIA'!F:F,MATCH(ORÇAMENTO!D118,'BASE-REFERENCIA'!B:B,0)),"") -> 34.7 | I118: =IF(D118<>"",ROUND(G118*H118,2),"") -> 762.36 | J118: =IF(D118<>"",ROUND(H118*(1+$D$5),2),"") -> 43.33 | K118: =IF(D118<>"",ROUND(G118*J118,2),"") -> 951.96
...

Sheet BASE-REFERENCIA
A1: FONTE | B1: CÓDIGO | C1: DESCRIÇÃO | D1: UNIDADE | E1: DESONERADO | F1: NÃO DESONERADO | I1: BASE | J1: REFERENCIA | K1: MÊS
A2: COMPOSIÇÃO | B2: CPU-001 | C2: =IFERROR(INDEX(COMPOSIÇÕES!D:D,MATCH(B2,COMPOSIÇÕES!B:B,0)),"Não Encontrado") -> REMOÇÃO MANUAL DE ALAMBRADO METÁLICO, SEM REAPROVEITAMENTO, INCLUSIVE AFASTAMENTO E EMPILHAMENTO, EXCLUSIVE TRANSPORTE E RETIRADA DO MATERIAL REMOVIDO NÃO REAPROVEITÁVEL - BASEADO SETOP (ED-48434) | D2: =IFERROR(INDEX(COMPOSIÇÕES!E:E,MATCH($B2,COMPOSIÇÕES!$B:$B,0)),"Não Encontrado") -> m² | F2: =IFERROR(INDEX(COMPOSIÇÕES!H:H,MATCH($B2,COMPOSIÇÕES!$B:$B,0)),"Não Encontrado") -> 21.57 | I2: SINAPI | J2: BELO HORIZONTE | K2: 08/2025.
A3: COMPOSIÇÃO | B3: CPU-002 | C3: =IFERROR(INDEX(COMPOSIÇÕES!D:D,MATCH(B3,COMPOSIÇÕES!B:B,0)),"Não Encontrado") -> REMOÇÃO DE PORTÃO, DE FORMA MANUAL, SEM REAPROVEITAMENTO. AF_12/2017 - BASEADO EM SINAPI (97644) | D3: =IFERROR(INDEX(COMPOSIÇÕES!E:E,MATCH($B3,COMPOSIÇÕES!$B:$B,0)),"Não Encontrado") -> m² | F3: =IFERROR(INDEX(COMPOSIÇÕES!H:H,MATCH($B3,COMPOSIÇÕES!$B:$B,0)),"Não Encontrado") -> 9.94 | I3: SICOR | J3: MINAS GERAIS | K3: 04/2025
A4: COMPOSIÇÃO | B4: CPU-003 | C4: =IFERROR(INDEX(COMPOSIÇÕES!D:D,MATCH(B4,COMPOSIÇÕES!B:B,0)),"Não Encontrado") -> LIMPEZA COM JATO DE AGUA SOBRE SUPERFICIE DE CONCRETO - BASEADO EM SBC (210055) | D4: =IFERROR(INDEX(COMPOSIÇÕES!E:E,MATCH($B4,COMPOSIÇÕES!$B:$B,0)),"Não Encontrado") -> m² | F4: =IFERROR(INDEX(COMPOSIÇÕES!H:H,MATCH($B4,COMPOSIÇÕES!$B:$B,0)),"Não Encontrado") -> 11.97 | I4: SUDECAP-I | J4: BELO HORIZONTE | K4: 04/2025
A5: COMPOSIÇÃO | B5: CPU-004 | C5: =IFERROR(INDEX(COMPOSIÇÕES!D:D,MATCH(B5,COMPOSIÇÕES!B:B,0)),"Não Encontrado") -> ART DE OBRAS PARA CONTRATOS ACIMA DE R$15.000,00 | D5: =IFERROR(INDEX(COMPOSIÇÕES!E:E,MATCH($B5,COMPOSIÇÕES!$B:$B,0)),"Não Encontrado") -> UN | F5: =IFERROR(INDEX(COMPOSIÇÕES!H:H,MATCH($B5,COMPOSIÇÕES!$B:$B,0)),"Não Encontrado") -> 271.47 | I5: SUDECAP | J5: BELO HORIZONTE | K5: 04/2025
A6: COMPOSIÇÃO | B6: CPU-005 | C6: =IFERROR(INDEX(COMPOSIÇÕES!D:D,MATCH(B6,COMPOSIÇÕES!B:B,0)),"Não Encontrado") -> JANELA EM ALUMÍNIO, COR N/P/B, MOLDURA-VIDRO, TIPO GUILHOTINA, INCLUSIVE VIDRO - BASEADO EM ORSE (11944) | D6: =IFERROR(INDEX(COMPOSIÇÕES!E:E,MATCH($B6,COMPOSIÇÕES!$B:$B,0)),"Não Encontrado") -> m² | F6: =IFERROR(INDEX(COMPOSIÇÕES!H:H,MATCH($B6,COMPOSIÇÕES!$B:$B,0)),"Não Encontrado") -> 471.06 | I6: SICRO | J6: MINAS GERAIS | K6: 04/2025
A7: COMPOSIÇÃO | B7: CPU-006 | C7: =IFERROR(INDEX(COMPOSIÇÕES!D:D,MATCH(B7,COMPOSIÇÕES!B:B,0)),"Não Encontrado") -> ALIZAR ALUMINIO PINTURA ELETROSTATICA BRANCA - BASEADO EM SBC (112597) | D7: =IFERROR(INDEX(COMPOSIÇÕES!E:E,MATCH($B7,COMPOSIÇÕES!$B:$B,0)),"Não Encontrado") -> M | F7: =IFERROR(INDEX(COMPOSIÇÕES!H:H,MATCH($B7,COMPOSIÇÕES!$B:$B,0)),"Não Encontrado") -> 127.46
A8: COMPOSIÇÃO | B8: CPU-007 | C8: =IFERROR(INDEX(COMPOSIÇÕES!D:D,MATCH(B8,COMPOSIÇÕES!B:B,0)),"Não Encontrado") -> FORNECIMENTO E INSTALAÇÃO DE PORTA DE ABRIR PARA PNE TIPO PRANCHETA EM MADEIRA, MAÇANETA E FECHADURA DESIGN MZ340 TIPO ALAVANCA, ACABAMENTO CROMADO, CHAPA DE AÇO INOX PARA PROTEÇÃO DA PORTA 90X40CM, MOLA HIDRÁULICA E PUXADOR EM ALUMÍNIO CROMADO 40CM - BASEADO EM SINAPI (90844) | D8: =IFERROR(INDEX(COMPOSIÇÕES!E:E,MATCH($B8,COMPOSIÇÕES!$B:$B,0)),"Não Encontrado") -> UND | F8: =IFERROR(INDEX(COMPOSIÇÕES!H:H,MATCH($B8,COMPOSIÇÕES!$B:$B,0)),"Não Encontrado") -> 1832.69
A9: COMPOSIÇÃO | B9: CPU-008 | C9: =IFERROR(INDEX(COMPOSIÇÕES!D:D,MATCH(B9,COMPOSIÇÕES!B:B,0)),"Não Encontrado") -> PORTA DUPLA EM VIDRO TEMPERADO 8mm COM FERRAGENS - BASEADO EM SBC (150210) | D9: =IFERROR(INDEX(COMPOSIÇÕES!E:E,MATCH($B9,COMPOSIÇÕES!$B:$B,0)),"Não Encontrado") -> m² | F9: =IFERROR(INDEX(COMPOSIÇÕES!H:H,MATCH($B9,COMPOSIÇÕES!$B:$B,0)),"Não Encontrado") -> 1031.2
A10: COMPOSIÇÃO | B10: CPU-009 | C10: =IFERROR(INDEX(COMPOSIÇÕES!D:D,MATCH(B10,COMPOSIÇÕES!B:B,0)),"Não Encontrado") -> PORTÃO DE ABRIR 02 FOLHAS EM METALON - BASEADO EM AGESUL (2001004046) | D10: =IFERROR(INDEX(COMPOSIÇÕES!E:E,MATCH($B10,COMPOSIÇÕES!$B:$B,0)),"Não Encontrado") -> m² | F10: =IFERROR(INDEX(COMPOSIÇÕES!H:H,MATCH($B10,COMPOSIÇÕES!$B:$B,0)),"Não Encontrado") -> 528.46
A11: COMPOSIÇÃO | B11: CPU-010 | C11: =IFERROR(INDEX(COMPOSIÇÕES!D:D,MATCH(B11,COMPOSIÇÕES!B:B,0)),"Não Encontrado") -> FABRICAÇÃO E INSTALAÇÃO DE GRADIL EXTERNO EM PERFIL RETANGULAR (TUBO EM METALON GALVANIZADO (FORMATO: RETANGULAR/SEÇÃO: 50X30MM/ ESPESSURA: 1,25MM), PINTADO COM ESMALTE SINTÉTICO PREMIUM - BASEADO EM AGESUL (2001004044) | D11: =IFERROR(INDEX(COMPOSIÇÕES!E:E,MATCH($B11,COMPOSIÇÕES!$B:$B,0)),"Não Encontrado") -> m² | F11: =IFERROR(INDEX(COMPOSIÇÕES!H:H,MATCH($B11,COMPOSIÇÕES!$B:$B,0)),"Não Encontrado") -> 826.24
A12: COMPOSIÇÃO | B12: CPU-011 | C12: =IFERROR(INDEX(COMPOSIÇÕES!D:D,MATCH(B12,COMPOSIÇÕES!B:B,0)),"Não Encontrado") -> CUBA DE EMBUTIR RETANGULAR DE AÇO INOXIDÁVEL, 40 X 34 X 17 CM - FORNECIMENTO E INSTALAÇÃO. AF_01/2020 - BASEADO EM SINAPI (86900) | D12: =IFERROR(INDEX(COMPOSIÇÕES!E:E,MATCH($B12,COMPOSIÇÕES!$B:$B,0)),"Não Encontrado") -> UN | F12: =IFERROR(INDEX(COMPOSIÇÕES!H:H,MATCH($B12,COMPOSIÇÕES!$B:$B,0)),"Não Encontrado") -> 258.27
A13: COMPOSIÇÃO | B13: CPU-012 | C13: =IFERROR(INDEX(COMPOSIÇÕES!D:D,MATCH(B13,COMPOSIÇÕES!B:B,0)),"Não Encontrado") -> LAVATORIO (CANTO) ACESSIVEL - BASEADO EM FDE (08.16.056) | D13: =IFERROR(INDEX(COMPOSIÇÕES!E:E,MATCH($B13,COMPOSIÇÕES!$B:$B,0)),"Não Encontrado") -> CJ | F13: =IFERROR(INDEX(COMPOSIÇÕES!H:H,MATCH($B13,COMPOSIÇÕES!$B:$B,0)),"Não Encontrado") -> 1343.36
A14: COMPOSIÇÃO | B14: CPU-013 | C14: =IFERROR(INDEX(COMPOSIÇÕES!D:D,MATCH(B14,COMPOSIÇÕES!B:B,0)),"Não Encontrado") -> ESPELHO CRISTAL 4mm COM MOLDURA DE ALUMINIO - BASEADO EM SBC (190058) | D14: =IFERROR(INDEX(COMPOSIÇÕES!E:E,MATCH($B14,COMPOSIÇÕES!$B:$B,0)),"Não Encontrado") -> m² | F14: =IFERROR(INDEX(COMPOSIÇÕES!H:H,MATCH($B14,COMPOSIÇÕES!$B:$B,0)),"Não Encontrado") -> 514.94
A15: COMPOSIÇÃO | B15: CPU-014 | C15: =IFERROR(INDEX(COMPOSIÇÕES!D:D,MATCH(B15,COMPOSIÇÕES!B:B,0)),"Não Encontrado") -> PERSIANA TIPO ROLO,BLECAUTE,BLOQUEIO UV% TECIDO POLIESTER - BASEADO EM SBC (200503) | D15: =IFERROR(INDEX(COMPOSIÇÕES!E:E,MATCH($B15,COMPOSIÇÕES!$B:$B,0)),"Não Encontrado") -> m² | F15: =IFERROR(INDEX(COMPOSIÇÕES!H:H,MATCH($B15,COMPOSIÇÕES!$B:$B,0)),"Não Encontrado") -> 291.83
A16: COMPOSIÇÃO | B16: CPU-015 | C16: =IFERROR(INDEX(COMPOSIÇÕES!D:D,MATCH(B16,COMPOSIÇÕES!B:B,0)),"Não Encontrado") -> IMPERMEABILIZACAO DE JARDINEIRAS - BASEADO EM SBC (160700) | D16: =IFERROR(INDEX(COMPOSIÇÕES!E:E,MATCH($B16,COMPOSIÇÕES!$B:$B,0)),"Não Encontrado") -> m² | F16: =IFERROR(INDEX(COMPOSIÇÕES!H:H,MATCH($B16,COMPOSIÇÕES!$B:$B,0)),"Não Encontrado") -> 174.31
A17: COMPOSIÇÃO | B17: CPU-016 | C17: =IFERROR(INDEX(COMPOSIÇÕES!D:D,MATCH(B17,COMPOSIÇÕES!B:B,0)),"Não Encontrado") -> PLANTA RASTEIRA - BASEADO EM SINAPI (98509) | D17: =IFERROR(INDEX(COMPOSIÇÕES!E:E,MATCH($B17,COMPOSIÇÕES!$B:$B,0)),"Não Encontrado") -> UN | F17: =IFERROR(INDEX(COMPOSIÇÕES!H:H,MATCH($B17,COMPOSIÇÕES!$B:$B,0)),"Não Encontrado") -> 6.47
A18: COMPOSIÇÃO | B18: CPU-017 | C18: =IFERROR(INDEX(COMPOSIÇÕES!D:D,MATCH(B18,COMPOSIÇÕES!B:B,0)),"Não Encontrado") -> CANALETA EVOLUTIVA APARENTE COM TAMPA EM PVC, DIM.:80X35 MM - BASEADO EM CPOS 38.07.700 | D18: =IFERROR(INDEX(COMPOSIÇÕES!E:E,MATCH($B18,COMPOSIÇÕES!$B:$B,0)),"Não Encontrado") -> M | F18: =IFERROR(INDEX(COMPOSIÇÕES!H:H,MATCH($B18,COMPOSIÇÕES!$B:$B,0)),"Não Encontrado") -> 167.64
... A101: COMPOSIÇÃO | B101: CPU-100 | C101: =IFERROR(INDEX(COMPOSIÇÕES!D:D,MATCH(B101,COMPOSIÇÕES!B:B,0)),"Não Encontrado") -> 0 | D101: =IFERROR(INDEX(COMPOSIÇÕES!E:E,MATCH($B101,COMPOSIÇÕES!$B:$B,0)),"Não Encontrado") -> 0 | F101: =IFERROR(INDEX(COMPOSIÇÕES!H:H,MATCH($B101,COMPOSIÇÕES!$B:$B,0)),"Não Encontrado") -> 0
A102: COTAÇÃO | B102: COT-001 | C102: =INDEX(COTAÇÃO!D:D,MATCH('BASE-REFERENCIA'!B102,COTAÇÃO!C:C,0)) -> 0 | D102: =INDEX(COTAÇÃO!E:E,MATCH(B102,COTAÇÃO!C:C,0)) -> 0 | F102: =IFERROR(INDEX(COTAÇÃO!I:I,MATCH('BASE-REFERENCIA'!B102,COTAÇÃO!C:C,0)),"Não Encontrado") -> Não Encontrado
A103: COTAÇÃO | B103: COT-002 | C103: =INDEX(COTAÇÃO!D:D,MATCH('BASE-REFERENCIA'!B103,COTAÇÃO!C:C,0)) -> 0 | D103: =INDEX(COTAÇÃO!E:E,MATCH(B103,COTAÇÃO!C:C,0)) -> 0 | F103: =IFERROR(INDEX(COTAÇÃO!I:I,MATCH('BASE-REFERENCIA'!B103,COTAÇÃO!C:C,0)),"Não Encontrado") -> Não Encontrado
A104: COTAÇÃO | B104: COT-003 | C104: =INDEX(COTAÇÃO!D:D,MATCH('BASE-REFERENCIA'!B104,COTAÇÃO!C:C,0)) -> 0 | D104: =INDEX(COTAÇÃO!E:E,MATCH(B104,COTAÇÃO!C:C,0)) -> 0 | F104: =IFERROR(INDEX(COTAÇÃO!I:I,MATCH('BASE-REFERENCIA'!B104,COTAÇÃO!C:C,0)),"Não Encontrado") -> Não Encontrado
A105: COTAÇÃO | B105: COT-004 | C105: =INDEX(COTAÇÃO!D:D,MATCH('BASE-REFERENCIA'!B105,COTAÇÃO!C:C,0)) -> 0 | D105: =INDEX(COTAÇÃO!E:E,MATCH(B105,COTAÇÃO!C:C,0)) -> 0 | F105: =IFERROR(INDEX(COTAÇÃO!I:I,MATCH('BASE-REFERENCIA'!B105,COTAÇÃO!C:C,0)),"Não Encontrado") -> Não Encontrado
A106: COTAÇÃO | B106: COT-005 | C106: =INDEX(COTAÇÃO!D:D,MATCH('BASE-REFERENCIA'!B106,COTAÇÃO!C:C,0)) -> 0 | D106: =INDEX(COTAÇÃO!E:E,MATCH(B106,COTAÇÃO!C:C,0)) -> 0 | F106: =IFERROR(INDEX(COTAÇÃO!I:I,MATCH('BASE-REFERENCIA'!B106,COTAÇÃO!C:C,0)),"Não Encontrado") -> Não Encontrado
A107: COTAÇÃO | B107: COT-006 | C107: =INDEX(COTAÇÃO!D:D,MATCH('BASE-REFERENCIA'!B107,COTAÇÃO!C:C,0)) -> 0 | D107: =INDEX(COTAÇÃO!E:E,MATCH(B107,COTAÇÃO!C:C,0)) -> 0 | F107: =IFERROR(INDEX(COTAÇÃO!I:I,MATCH('BASE-REFERENCIA'!B107,COTAÇÃO!C:C,0)),"Não Encontrado") -> Não Encontrado
A108: COTAÇÃO | B108: COT-007 | C108: =INDEX(COTAÇÃO!D:D,MATCH('BASE-REFERENCIA'!B108,COTAÇÃO!C:C,0)) -> 0 | D108: =INDEX(COTAÇÃO!E:E,MATCH(B108,COTAÇÃO!C:C,0)) -> 0 | F108: =IFERROR(INDEX(COTAÇÃO!I:I,MATCH('BASE-REFERENCIA'!B108,COTAÇÃO!C:C,0)),"Não Encontrado") -> Não Encontrado
A109: COTAÇÃO | B109: COT-008 | C109: =INDEX(COTAÇÃO!D:D,MATCH('BASE-REFERENCIA'!B109,COTAÇÃO!C:C,0)) -> 0 | D109: =INDEX(COTAÇÃO!E:E,MATCH(B109,COTAÇÃO!C:C,0)) -> 0 | F109: =IFERROR(INDEX(COTAÇÃO!I:I,MATCH('BASE-REFERENCIA'!B109,COTAÇÃO!C:C,0)),"Não Encontrado") -> Não Encontrado
A110: COTAÇÃO | B110: COT-009 | C110: =INDEX(COTAÇÃO!D:D,MATCH('BASE-REFERENCIA'!B110,COTAÇÃO!C:C,0)) -> 0 | D110: =INDEX(COTAÇÃO!E:E,MATCH(B110,COTAÇÃO!C:C,0)) -> 0 | F110: =IFERROR(INDEX(COTAÇÃO!I:I,MATCH('BASE-REFERENCIA'!B110,COTAÇÃO!C:C,0)),"Não Encontrado") -> Não Encontrado
C111: SINAPI -I
A112: SINAPI-I | B112: 45333 | C112: ABERTURA PARA ENCAIXE DE CUBA OU LAVATORIO EM BANCADA DE MARMORE/ GRANITO OU OUTRO TIPO DE PEDRA NATURAL | D112: UN | E112: 115.49 | F112: 115.49
A113: SINAPI-I | B113: 11270 | C113: ABRACADEIRA DE LATAO PARA FIXACAO DE CABO PARA-RAIO, DIMENSOES 32 X 24 X 24 MM | D113: UN | E113: 3.33 | F113: 3.33
A114: SINAPI-I | B114: 412 | C114: ABRACADEIRA DE NYLON PARA AMARRACAO DE CABOS, COMPRIMENTO DE *230* X *7,6* MM | D114: UN | E114: 1.08 | F114: 1.08
A115: SINAPI-I | B115: 414 | C115: ABRACADEIRA DE NYLON PARA AMARRACAO DE CABOS, COMPRIMENTO DE 100 X 2,5 MM | D115: UN | E115: 0.06 | F115: 0.06
A116: SINAPI-I | B116: 410 | C116: ABRACADEIRA DE NYLON PARA AMARRACAO DE CABOS, COMPRIMENTO DE 150 X *3,6* MM | D116: UN | E116: 0.16 | F116: 0.16
A117: SINAPI-I | B117: 411 | C117: ABRACADEIRA DE NYLON PARA AMARRACAO DE CABOS, COMPRIMENTO DE 200 X *4,6* MM | D117: UN | E117: 0.21 | F117: 0.21
A118: SINAPI-I | B118: 408 | C118: ABRACADEIRA DE NYLON PARA AMARRACAO DE CABOS, COMPRIMENTO DE 390 X *4,6* MM | D118: UN | E118: 1.04 | F118: 1.04
A119: SINAPI-I | B119: 39131 | C119: ABRACADEIRA EM ACO PARA AMARRACAO DE ELETRODUTOS, TIPO D, COM 1 1/2" E CUNHA DE FIXACAO | D119: UN | E119: 3.18 | F119: 3.18
A120: SINAPI-I | B120: 394 | C120: ABRACADEIRA EM ACO PARA AMARRACAO DE ELETRODUTOS, TIPO D, COM 1 1/2" E PARAFUSO DE FIXACAO | D120: UN | E120: 3.22 | F120: 3.22
A121: SINAPI-I | B121: 39130 | C121: ABRACADEIRA EM ACO PARA AMARRACAO DE ELETRODUTOS, TIPO D, COM 1 1/4" E CUNHA DE FIXACAO | D121: UN | E121: 2.9 | F121: 2.9
A122: SINAPI-I | B122: 395 | C122: ABRACADEIRA EM ACO PARA AMARRACAO DE ELETRODUTOS, TIPO D, COM 1 1/4" E PARAFUSO DE FIXACAO | D122: UN | E122: 3.1 | F122: 3.1
A123: SINAPI-I | B123: 39129 | C123: ABRACADEIRA EM ACO PARA AMARRACAO DE ELETRODUTOS, TIPO D, COM 1" E CUNHA DE FIXACAO | D123: UN | E123: 1.79 | F123: 1.79
... A155: SINAPI-I | B155: 36246 | C155: ACABAMENTO SIMPLES/CONVENCIONAL PARA FORRO PVC, TIPO "U" OU "C", COR BRANCA, COMPRIMENTO 6 M | D155: M | E155: 3.93 | F155: 3.93
A156: SINAPI-I | B156: 37600 | C156: ACESSORIO DE LIGACAO NAO ELETRICO PARA CARGAS EXPLOSIVAS, TUBO DE 6 M | D156: UN
A157: SINAPI-I | B157: 37599 | C157: ACESSORIO INICIADOR NAO ELETRICO, TUBO DE 6 M, TEMPO DE RETARDO DE *160* MS | D157: UN
A158: SINAPI-I | B158: 1 | C158: ACETILENO - RECARGA DE GAS PARA CILINDRO (NAO INCLUI TROCA/MANUTENCAO DO CILINDRO) | D158: KG | E158: 78.88 | F158: 78.88
A159: SINAPI-I | B159: 3 | C159: ACIDO CLORIDRICO / ACIDO MURIATICO, DILUICAO 10% A 12% PARA USO EM LIMPEZA | D159: L | E159: 20.99 | F159: 20.99
A160: SINAPI-I | B160: 43054 | C160: ACO CA-25, 10,0 MM, OU 12,5 MM, OU 16,0 MM, OU 20,0 MM, OU 25,0 MM, VERGALHAO | D160: KG | E160: 8.21 | F160: 8.21
A161: SINAPI-I | B161: 42402 | C161: ACO CA-25, 16,0 MM, BARRA DE TRANSFERENCIA | D161: KG | E161: 7.85 | F161: 7.85
A162: SINAPI-I | B162: 42403 | C162: ACO CA-25, 20,0 MM, BARRA DE TRANSFERENCIA | D162: KG | E162: 10.06 | F162: 10.06
A163: SINAPI-I | B163: 42404 | C163: ACO CA-25, 25,0 MM, BARRA DE TRANSFERENCIA | D163: KG | E163: 10.01 | F163: 10.01
A164: SINAPI-I | B164: 42405 | C164: ACO CA-25, 32,0 MM, BARRA DE TRANSFERENCIA | D164: KG | E164: 10.66 | F164: 10.66
A165: SINAPI-I | B165: 34341 | C165: ACO CA-25, 32,0 MM, VERGALHAO | D165: KG | E165: 9.25 | F165: 9.25
A166: SINAPI-I | B166: 43053 | C166: ACO CA-25, 6,3 MM OU 8,0 MM, VERGALHAO | D166: KG | E166: 7.33 | F166: 7.33
A167: SINAPI-I | B167: 43058 | C167: ACO CA-50, 10,0 MM, OU 12,5 MM, OU 16,0 MM, OU 20,0 MM, DOBRADO E CORTADO | D167: KG | E167: 7.6 | F167: 7.6
A168: SINAPI-I | B168: 34 | C168: ACO CA-50, 10,0 MM, VERGALHAO | D168: KG | E168: 7.64 | F168: 7.64
A169: SINAPI-I | B169: 43055 | C169: ACO CA-50, 12,5 MM OU 16,0 MM, VERGALHAO | D169: KG | E169: 6.62 | F169: 6.62
... A178: SINAPI-I | B178: 43060 | C178: ACO CA-60, 8,0 MM OU 9,5 MM, VERGALHAO | D178: KG | E178: 6.3 | F178: 6.3
A179: SINAPI-I | B179: 40410 | C179: ACOPLAMENTO RIGIDO EM FERRO FUNDIDO PARA SISTEMA DE TUBULACAO RANHURADA, DN 50 MM (2") | D179: UN
A180: SINAPI-I | B180: 40411 | C180: ACOPLAMENTO RIGIDO EM FERRO FUNDIDO PARA SISTEMA DE TUBULACAO RANHURADA, DN 65 MM (2 1/2") | D180: UN
A181: SINAPI-I | B181: 40412 | C181: ACOPLAMENTO RIGIDO EM FERRO FUNDIDO PARA SISTEMA DE TUBULACAO RANHURADA, DN 80 MM (3") | D181: UN
A182: SINAPI-I | B182: 44254 | C182: ADAPTADOR CPVC, ROSCAVEL, COM FLANGES E ANEL DE VEDACAO, 15 MM, CAIXA D'AGUA PARA AGUA QUENTE | D182: UN | E182: 31.46 | F182: 31.46
A183: SINAPI-I | B183: 44255 | C183: ADAPTADOR CPVC, ROSCAVEL, COM FLANGES E ANEL DE VEDACAO, 22 MM, CAIXA D'AGUA PARA AGUA QUENTE | D183: UN | E183: 34.87 | F183: 34.87
A184: SINAPI-I | B184: 44256 | C184: ADAPTADOR CPVC, ROSCAVEL, COM FLANGES E ANEL DE VEDACAO, 28 MM, CAIXA D'AGUA PARA AGUA QUENTE | D184: UN | E184: 39.39 | F184: 39.39
A185: SINAPI-I | B185: 44257 | C185: ADAPTADOR CPVC, ROSCAVEL, COM FLANGES E ANEL DE VEDACAO, 35 MM, CAIXA D'AGUA PARA AGUA QUENTE | D185: UN | E185: 62.32 | F185: 62.32
A186: SINAPI-I | B186: 44258 | C186: ADAPTADOR CPVC, ROSCAVEL, COM FLANGES E ANEL DE VEDACAO, 42 MM, CAIXA D'AGUA PARA AGUA QUENTE | D186: UN | E186: 71.22 | F186: 71.22
A187: SINAPI-I | B187: 44259 | C187: ADAPTADOR CPVC, ROSCAVEL, COM FLANGES E ANEL DE VEDACAO, 54 MM, CAIXA D'AGUA PARA AGUA QUENTE | D187: UN | E187: 97.76 | F187: 97.76
A188: SINAPI-I | B188: 37997 | C188: ADAPTADOR CPVC, SOLDAVEL, 15 MM, PARA AGUA QUENTE | D188: UN | E188: 18.75 | F188: 18.75
A189: SINAPI-I | B189: 37998 | C189: ADAPTADOR CPVC, SOLDAVEL, 22 MM, PARA AGUA QUENTE | D189: UN | E189: 25.09 | F189: 25.09
A190: SINAPI-I | B190: 55 | C190: ADAPTADOR DE COMPRESSAO EM POLIPROPILENO (PP), PARA TUBO EM PEAD, 20 MM X 1/2", PARA LIGACAO PREDIAL DE AGUA (NTS 179) | D190: UN | E190: 6.31 | F190: 6.31
A191: SINAPI-I | B191: 61 | C191: ADAPTADOR DE COMPRESSAO EM POLIPROPILENO (PP), PARA TUBO EM PEAD, 20 MM X 3/4", PARA LIGACAO PREDIAL DE AGUA (NTS 179) | D191: UN | E191: 5.97 | F191: 5.97
A192: SINAPI-I | B192: 62 | C192: ADAPTADOR DE COMPRESSAO EM POLIPROPILENO (PP), PARA TUBO EM PEAD, 32 MM X 1", PARA LIGACAO PREDIAL DE AGUA (NTS 179) | D192: UN | E192: 12.37 | F192: 12.37
A193: SINAPI-I | B193: 10899 | C193: ADAPTADOR EM LATAO, ENGATE RAPIDO 2 1/2" X ROSCA INTERNA 5 FIOS 2 1/2", PARA INSTALACAO PREDIAL DE COMBATE A INCENDIO | D193: UN | E193: 67.9 | F193: 67.9
... A253: SINAPI-I | B253: 42409 | C253: AGENTE DE CURA, PROTETOR DA EVAPORACAO DA AGUA DE HIDRATACAO DO CONCRETO | D253: KG | E253: 10.49 | F253: 10.49
A254: SINAPI-I | B254: 40553 | C254: AGREGADO RECICLADO, TIPO RACHAO RECICLADO CINZA, CLASSE A | D254: M3
A255: SINAPI-I | B255: 6114 | C255: AJUDANTE DE ARMADOR (HORISTA) | D255: H | E255: 16.3 | F255: 18.23
A256: SINAPI-I | B256: 40912 | C256: AJUDANTE DE ARMADOR (MENSALISTA) | D256: MES | E256: 2877.48 | F256: 3218.73
A257: SINAPI-I | B257: 247 | C257: AJUDANTE DE ELETRICISTA (HORISTA) | D257: H | E257: 16.3 | F257: 18.23
A258: SINAPI-I | B258: 40919 | C258: AJUDANTE DE ELETRICISTA (MENSALISTA) | D258: MES | E258: 2877.48 | F258: 3218.73
A259: SINAPI-I | B259: 44499 | C259: AJUDANTE DE ESTRUTURAS METALICAS (HORISTA) | D259: H | E259: 16.3 | F259: 18.23
A260: SINAPI-I | B260: 40984 | C260: AJUDANTE DE ESTRUTURAS METALICAS (MENSALISTA) | D260: MES | E260: 2877.48 | F260: 3218.73
A261: SINAPI-I | B261: 248 | C261: AJUDANTE DE OPERACAO EM GERAL (HORISTA) | D261: H | E261: 17.65 | F261: 19.74
A262: SINAPI-I | B262: 41086 | C262: AJUDANTE DE OPERACAO EM GERAL (MENSALISTA) | D262: MES | E262: 3118.66 | F262: 3488.51
A263: SINAPI-I | B263: 34466 | C263: AJUDANTE DE PINTOR (HORISTA) | D263: H | E263: 16.3 | F263: 18.23
A264: SINAPI-I | B264: 41083 | C264: AJUDANTE DE PINTOR (MENSALISTA) | D264: MES | E264: 2877.48 | F264: 3218.73
A265: SINAPI-I | B265: 252 | C265: AJUDANTE DE SERRALHEIRO (HORISTA) | D265: H | E265: 16.3 | F265: 18.23
A266: SINAPI-I | B266: 40909 | C266: AJUDANTE DE SERRALHEIRO (MENSALISTA) | D266: MES | E266: 2877.48 | F266: 3218.73
... A268: SINAPI-I | B268: 41085 | C268: AJUDANTE ESPECIALIZADO (MENSALISTA) | D268: MES | E268: 3118.66 | F268: 3488.51
A269: SINAPI-I | B269: 427 | C269: ALCA PREFORMADA DE CONTRA POSTE, EM ACO GALVANIZADO, PARA CABO 3/16", COMPRIMENTO *860* MM | D269: UN
A270: SINAPI-I | B270: 417 | C270: ALCA PREFORMADA DE DISTRIBUICAO, EM ACO GALVANIZADO, PARA CABO DE ALUMINIO DIAMETRO 16 A 25 MM | D270: UN
A271: SINAPI-I | B271: 11273 | C271: ALCA PREFORMADA DE DISTRIBUICAO, EM ACO GALVANIZADO, PARA CONDUTORES DE ALUMINIO AWG 1/0 (CAA 6/1 OU CA 7 FIOS) | D271: UN
A272: SINAPI-I | B272: 11272 | C272: ALCA PREFORMADA DE DISTRIBUICAO, EM ACO GALVANIZADO, PARA CONDUTORES DE ALUMINIO AWG 2 (CAA 6/1 OU CA 7 FIOS) | D272: UN
A273: SINAPI-I | B273: 11275 | C273: ALCA PREFORMADA DE SERVICO, EM ACO GALVANIZADO, PARA CONDUTORES DE ALUMINIO AWG 4 (CAA 6/1) | D273: UN
A274: SINAPI-I | B274: 11274 | C274: ALCA PREFORMADA DE SERVICO, EM ACO GALVANIZADO, PARA CONDUTORES DE ALUMINIO AWG 6 (CAA 6/1) | D274: UN
A275: SINAPI-I | B275: 45208 | C275: ALICATE AMPERIMETRO, TENSAO AC/DC, CAPACIDADE MAXIMA 1000 A | D275: UN | E275: 261.33 | F275: 261.33
A276: SINAPI-I | B276: 45250 | C276: ALICATE BICO LONGO (MEIA CANA) 6", COM ISOLAMENTO ATE 1000 V | D276: UN | E276: 42.26 | F276: 42.26
A277: SINAPI-I | B277: 38470 | C277: ALICATE DE CORTE DIAGONAL 6" COM ISOLAMENTO | D277: UN | E277: 43.26 | F277: 43.26
A278: SINAPI-I | B278: 38547 | C278: ALICATE DE CRIMPAR RJ11, RJ12 E RJ45, COM CATRACA | D278: UN | E278: 287.18 | F278: 287.18
A279: SINAPI-I | B279: 38467 | C279: ALICATE DE PRESSAO 11" PARA SOLDA, TIPO C | D279: UN | E279: 168.04 | F279: 168.04
A280: SINAPI-I | B280: 38468 | C280: ALICATE DE PRESSAO 11" PARA SOLDA, TIPO U | D280: UN | E280: 209.76 | F280: 209.76
A281: SINAPI-I | B281: 38469 | C281: ALICATE DE PRESSAO PARA SOLDA DE CHAPA 18" | D281: UN | E281: 274.21 | F281: 274.21
...

Sheet COMPOSIÇÕES
A2: COMPOSIÇÃO DE CUSTO UNITÁRIO
B4: CÓDIGO | C4: FONTE | D4: DESCRIÇÃO | E4: UNIDADE | F4: COEFIC. | G4: PREÇO REF | H4: CUSTO NÃO DESONER.
A5: 2.1.1.1 | B5: Código | C5: Banco | D5: Descrição | E5: Und | F5: Quant. | G5: Valor Unit | H5: Total
A6: COMPOSIÇÃO | B6: CPU-004 | C6: Próprio | D6: ART DE OBRAS PARA CONTRATOS ACIMA DE R$15.000,00 | E6: UN | F6: 1 | G6: 271.47 | H6: 271.47
A7: Insumo | B7: ART.OBRA.002 | C7: Próprio | D7: ART PARA CONTRATOS ACIMA DE R$15.000,00 | E7: UND | F7: 1 | G7: 271.47 | H7: 271.47
E8: LS => | F8: 0 | G8: 0
F9: Valor sem BDI => | G9: 271.47
A11: 4.1.2.1 | B11: Código | C11: Banco | D11: Descrição | E11: Und | F11: Quant. | G11: Valor Unit | H11: Total
A12: COMPOSIÇÃO | B12: CPU-001 | C12: Próprio | D12: REMOÇÃO MANUAL DE ALAMBRADO METÁLICO, SEM REAPROVEITAMENTO, INCLUSIVE AFASTAMENTO E EMPILHAMENTO, EXCLUSIVE TRANSPORTE E RETIRADA DO MATERIAL REMOVIDO NÃO REAPROVEITÁVEL - BASEADO SETOP (ED-48434) | E12: m² | F12: 1 | G12: 21.57 | H12: 21.57
A13: Composição Auxiliar | B13: 88309 | C13: SINAPI | D13: PEDREIRO COM ENCARGOS COMPLEMENTARES | E13: H | F13: 0.2820513 | G13: 31.21 | H13: 8.8
A14: Composição Auxiliar | B14: 88316 | C14: SINAPI | D14: SERVENTE COM ENCARGOS COMPLEMENTARES | E14: H | F14: 0.5641026 | G14: 22.64 | H14: 12.77
E15: LS => | F15: 0 | G15: 16.05
F16: Valor sem BDI => | G16: 21.57
A18: 4.1.3.1 | B18: Código | C18: Banco | D18: Descrição | E18: Und | F18: Quant. | G18: Valor Unit | H18: Total
A19: COMPOSIÇÃO | B19: CPU-002 | C19: Próprio | D19: REMOÇÃO DE PORTÃO, DE FORMA MANUAL, SEM REAPROVEITAMENTO. AF_12/2017 - BASEADO EM SINAPI (97644) | E19: m² | F19: 1 | G19: 9.94 | H19: 9.94
A20: Composição Auxiliar | B20: 88309 | C20: SINAPI | D20: PEDREIRO COM ENCARGOS COMPLEMENTARES | E20: H | F20: 0.1315 | G20: 31.21 | H20: 4.1
A21: Composição Auxiliar | B21: 88316 | C21: SINAPI | D21: SERVENTE COM ENCARGOS COMPLEMENTARES | E21: H | F21: 0.2582 | G21: 22.64 | H21: 5.84
E22: LS => | F22: 0 | G22: 7.39
F23: Valor sem BDI => | G23: 9.94
A25: 5.1.8.1 | B25: Código | C25: Banco | D25: Descrição | E25: Und | F25: Quant. | G25: Valor Unit | H25: Total
A26: COMPOSIÇÃO | B26: CPU-003 | C26: Próprio | D26: LIMPEZA COM JATO DE AGUA SOBRE SUPERFICIE DE CONCRETO - BASEADO EM SBC (210055) | E26: m² | F26: 1 | G26: 11.97 | H26: 11.97
A27: Composição Auxiliar | B27: 88292 | C27: SINAPI | D27: OPERADOR DE COMPRESSOR OU COMPRESSORISTA COM ENCARGOS COMPLEMENTARES | E27: H | F27: 0.108 | G27: 28.09 | H27: 3.03
A28: Insumo | B28: 004809 | C28: SBC | D28: AGUA LIMPA EM CAMINHAO PIPA (CARGA DE 9,0m3=0,11m3) (PRECO MEDIO) | E28: m³ | F28: 0.06 | G28: 75 | H28: 4.5
A29: Insumo | B29: 033376 | C29: SBC | D29: COMPRESSOR REBOCAVEL ATLAS XA96 80pcm 79CV | E29: H | F29: 0.04 | G29: 111 | H29: 4.44
E30: LS => | F30: 0 | G30: 2.45
F31: Valor sem BDI => | G31: 11.97
A33: 5.1.11.4 | B33: Código | C33: Banco | D33: Descrição | E33: Und | F33: Quant. | G33: Valor Unit | H33: Total
A34: COMPOSIÇÃO | B34: CPU-005 | C34: Próprio | D34: JANELA EM ALUMÍNIO, COR N/P/B, MOLDURA-VIDRO, TIPO GUILHOTINA, INCLUSIVE VIDRO - BASEADO EM ORSE (11944) | E34: m² | F34: 1 | G34: 471.06 | H34: 471.06
A35: Composição Auxiliar | B35: 88316 | C35: SINAPI | D35: SERVENTE COM ENCARGOS COMPLEMENTARES | E35: H | F35: 1 | G35: 22.64 | H35: 22.64
A36: Composição Auxiliar | B36: 88309 | C36: SINAPI | D36: PEDREIRO COM ENCARGOS COMPLEMENTARES | E36: H | F36: 1 | G36: 31.21 | H36: 31.21
A37: Composição Auxiliar | B37: 88629 | C37: SINAPI | D37: ARGAMASSA TRAÇO 1:3 (EM VOLUME DE CIMENTO E AREIA MÉDIA ÚMIDA), PREPARO MANUAL. AF_08/2019 | E37: m³ | F37: 0.003 | G37: 737.61 | H37: 2.21
A38: Insumo | B38: 12793 | C38: ORSE | D38: Janela em alumínio, cor N/P/B, moldura-vidro, tipo guilhotina, exclusive vidro | E38: m² | F38: 1 | G38: 250 | H38: 250
A39: Insumo | B39: 2429 | C39: ORSE | D39: Vidro liso transparente incolor, e= 4mm | E39: m² | F39: 1 | G39: 165 | H39: 165
E40: LS => | F40: 0 | G40: 41.19
F41: Valor sem BDI => | G41: 471.06
A43: 5.1.11.6 | B43: Código | C43: Banco | D43: Descrição | E43: Und | F43: Quant. | G43: Valor Unit | H43: Total
A44: COMPOSIÇÃO | B44: CPU-006 | C44: Próprio | D44: ALIZAR ALUMINIO PINTURA ELETROSTATICA BRANCA - BASEADO EM SBC (112597) | E44: M | F44: 1 | G44: 127.46 | H44: 127.46
A45: Composição Auxiliar | B45: 88315 | C45: SINAPI | D45: SERRALHEIRO COM ENCARGOS COMPLEMENTARES | E45: H | F45: 1.738 | G45: 30.97 | H45: 53.82
A46: Composição Auxiliar | B46: 88251 | C46: SINAPI | D46: AUXILIAR DE SERRALHEIRO COM ENCARGOS COMPLEMENTARES | E46: H | F46: 1.738 | G46: 25.02 | H46: 43.48
A47: Insumo | B47: 001609 | C47: SBC | D47: PERFIL DE ALUMINIO MONTANTE LATERAL PARA PORTA DA LINHA SUPREMA BOGONI ALUMINIOS | E47: M | F47: 1.1 | G47: 27.42 | H47: 30.16
E48: LS => | F48: 0 | G48: 74.42
F49: Valor sem BDI => | G49: 127.46
A51: 5.1.12.3 | B51: Código | C51: Banco | D51: Descrição | E51: Und | F51: Quant. | G51: Valor Unit | H51: Total
A52: COMPOSIÇÃO | B52: CPU-007 | C52: Próprio | D52: FORNECIMENTO E INSTALAÇÃO DE PORTA DE ABRIR PARA PNE TIPO PRANCHETA EM MADEIRA, MAÇANETA E FECHADURA DESIGN MZ340 TIPO ALAVANCA, ACABAMENTO CROMADO, CHAPA DE AÇO INOX PARA PROTEÇÃO DA PORTA 90X40CM, MOLA HIDRÁULICA E PUXADOR EM ALUMÍNIO CROMADO 40CM - BASEADO EM SINAPI (90844) | E52: UND | F52: 1 | G52: 1832.69 | H52: 1832.69
A53: Composição Auxiliar | B53: 061304 | C53: IOPES | D53: Porta em madeira de lei tipo angelim pedra ou equivalente,esp. 30 a 35mm c/ enchimento em madeira 1a qualidade, tipo sarrafeada para pintura, inclusive alizares, dobradiças e fechadura tipo alavanca em latão cromado LaFonte ou equivalente, exclusive marco, nas dimensões: 0,90 x 2,10 m | E53: und | F53: 1 | G53: 1067.49 | H53: 1067.49
A54: Composição Auxiliar | B54: 88273 | C54: SINAPI | D54: MARCENEIRO COM ENCARGOS COMPLEMENTARES | E54: H | F54: 1 | G54: 30.86 | H54: 30.86
A55: Insumo | B55: 00012759 | C55: SINAPI | D55: CHAPA ACO INOX AISI 304 NUMERO 9 (E = 4 MM), ACABAMENTO NUMERO 1 (LAMINADO A QUENTE, FOSCO) | E55: m² | F55: 0.36 | G55: 1109.87 | H55: 399.55
A56: Insumo | B56: 00038168 | C56: SINAPI | D56: PUXADOR TUBULAR RETO DUPLO, EM ALUMINIO CROMADO, COMPRIMENTO DE APROX 400 MM E DIAMETRO DE 25 MM (1") | E56: UN | F56: 1 | G56: 147.99 | H56: 147.99
A57: Insumo | B57: 00011560 | C57: SINAPI | D57: MOLA HIDRAULICA AEREA, PARA PORTAS DE ATE 950 MM E PESO DE ATE 65 KG, COM CORPO EM ALUMINIO E BRACO EM ACO, SEM BRACO DE PARADA | E57: UN | F57: 1 | G57: 186.8 | H57: 186.8
E58: LS => | F58: 0 | G58: 163.78
F59: Valor sem BDI => | G59: 1832.69
A61: 5.1.12.4 | B61: Código | C61: Banco | D61: Descrição | E61: Und | F61: Quant. | G61: Valor Unit | H61: Total
A62: COMPOSIÇÃO | B62: CPU-008 | C62: Próprio | D62: PORTA DUPLA EM VIDRO TEMPERADO 8mm COM FERRAGENS - BASEADO EM SBC (150210) | E62: m² | F62: 1 | G62: 1031.2 | H62: 1031.2
A63: Composição Auxiliar | B63: 88325 | C63: SINAPI | D63: VIDRACEIRO COM ENCARGOS COMPLEMENTARES | E63: H | F63: 1.159 | G63: 25.05 | H63: 29.03
A64: Composição Auxiliar | B64: 88243 | C64: SINAPI | D64: AJUDANTE ESPECIALIZADO COM ENCARGOS COMPLEMENTARES | E64: H | F64: 1.369 | G64: 26.45 | H64: 36.21
A65: Composição Auxiliar | B65: 14.007.0348-0 | C65: EMOP | D65: PIVO PARA PORTA DE VIDRO TEMPERADO.FORNECIMENTO | E65: UN | F65: 1 | G65: 15.45 | H65: 15.45
A66: Composição Auxiliar | B66: 14.007.0287-A | C66: EMOP | D66: DOBRADICA INFERIOR PARA PORTA DE VIDRO TEMPERADO DE 10MM.FOR NECIMENTO | E66: UN | F66: 1 | G66: 61.07 | H66: 61.07
A67: Composição Auxiliar | B67: 14.007.0289-A | C67: EMOP | D67: DOBRADICA SUPERIOR PARA PORTA DE VIDRO TEMPERADO DE 10MM.FOR NECIMENTO | E67: UN | F67: 1 | G67: 54.25 | H67: 54.25
A68: Insumo | B68: 012736 | C68: SBC | D68: FECHADURA PARA PORTA DE VIDRO COM 2 FUROS 2 FLS PVF2I AGL | E68: UN | F68: 1.2 | G68: 410.68 | H68: 492.81
A69: Insumo | B69: MATED-9208 | C69: SETOP | D69: VIDRO TEMPERADO (COR: INCOLOR|ESPESSURA: 8MM|TEXTURA: LISA) | E69: m² | F69: 1.1 | G69: 311.26 | H69: 342.38
E70: LS => | F70: 0 | G70: 48.72
F71: Valor sem BDI => | G71: 1031.2
A73: 5.1.13.1 | B73: Código | C73: Banco | D73: Descrição | E73: Und | F73: Quant. | G73: Valor Unit | H73: Total
A74: COMPOSIÇÃO | B74: CPU-009 | C74: Próprio | D74: PORTÃO DE ABRIR 02 FOLHAS EM METALON - BASEADO EM AGESUL (2001004046) | E74: m² | F74: 1 | G74: 528.46 | H74: 528.46
A75: Composição Auxiliar | B75: 88830 | C75: SINAPI | D75: BETONEIRA CAPACIDADE NOMINAL DE 400 L, CAPACIDADE DE MISTURA 280 L, MOTOR ELÉTRICO TRIFÁSICO POTÊNCIA DE 2 CV, SEM CARREGADOR - CHP DIURNO. AF_05/2023 | E75: CHP | F75: 0.0091 | G75: 2.37 | H75: 0.02
A76: Composição Auxiliar | B76: 83765 | C76: SINAPI | D76: GRUPO DE SOLDAGEM COM GERADOR A DIESEL 60 CV PARA SOLDA ELÉTRICA, SOBRE 04 RODAS, COM MOTOR 4 CILINDROS 600 A - CHP DIURNO. AF_02/2016 | E76: CHP | F76: 0.7461 | G76: 107.46 | H76: 80.17
A77: Composição Auxiliar | B77: 83766 | C77: SINAPI | D77: GRUPO DE SOLDAGEM COM GERADOR A DIESEL 60 CV PARA SOLDA ELÉTRICA, SOBRE 04 RODAS, COM MOTOR 4 CILINDROS 600 A - CHI DIURNO. AF_02/2016 | E77: CHI | F77: 0.1308 | G77: 49.54 | H77: 6.47
A78: Composição Auxiliar | B78: 88309 | C78: SINAPI | D78: PEDREIRO COM ENCARGOS COMPLEMENTARES | E78: H | F78: 0.5333 | G78: 31.21 | H78: 16.64
A79: Composição Auxiliar | B79: 88310 | C79: SINAPI | D79: PINTOR COM ENCARGOS COMPLEMENTARES | E79: H | F79: 1.0981 | G79: 32.51 | H79: 35.69
A80: Composição Auxiliar | B80: 88316 | C80: SINAPI | D80: SERVENTE COM ENCARGOS COMPLEMENTARES | E80: H | F80: 0.1982 | G80: 22.64 | H80: 4.48
A81: Composição Auxiliar | B81: 88317 | C81: SINAPI | D81: SOLDADOR COM ENCARGOS COMPLEMENTARES | E81: H | F81: 0.8789 | G81: 35.25 | H81: 30.98
A82: Composição Auxiliar | B82: 88315 | C82: SINAPI | D82: SERRALHEIRO COM ENCARGOS COMPLEMENTARES | E82: H | F82: 1.3673 | G82: 30.97 | H82: 42.34
A83: Composição Auxiliar | B83: 88243 | C83: SINAPI | D83: AJUDANTE ESPECIALIZADO COM ENCARGOS COMPLEMENTARES | E83: H | F83: 1.1389 | G83: 26.45 | H83: 30.12
A84: Composição Auxiliar | B84: 88251 | C84: SINAPI | D84: AUXILIAR DE SERRALHEIRO COM ENCARGOS COMPLEMENTARES | E84: H | F84: 1.3673 | G84: 25.02 | H84: 34.2
A85: Insumo | B85: 00004721 | C85: SINAPI | D85: PEDRA BRITADA N. 1 (9,5 A 19 MM) POSTO PEDREIRA/FORNECEDOR, SEM FRETE | E85: m³ | F85: 0.0027 | G85: 126.92 | H85: 0.34
... A100: Insumo | B100: 7564 | C100: AGESUL | D100: FECHO TRAMELA NR. 04 - 150MM PAULI (COD.4564) | E100: UN | F100: 0.1587 | G100: 13 | H100: 2.06
E101: LS => | F101: 0 | G101: 172.76
F102: Valor sem BDI => | G102: 528.46
A104: 5.1.14.1 | B104: Código | C104: Banco | D104: Descrição | E104: Und | F104: Quant. | G104: Valor Unit | H104: Total
A105: COMPOSIÇÃO | B105: CPU-010 | C105: Próprio | D105: FABRICAÇÃO E INSTALAÇÃO DE GRADIL EXTERNO EM PERFIL RETANGULAR (TUBO EM METALON GALVANIZADO (FORMATO: RETANGULAR/SEÇÃO: 50X30MM/ ESPESSURA: 1,25MM), PINTADO COM ESMALTE SINTÉTICO PREMIUM - BASEADO EM AGESUL (2001004044) | E105: m² | F105: 1 | G105: 826.24 | H105: 826.24
A106: Composição Auxiliar | B106: 88315 | C106: SINAPI | D106: SERRALHEIRO COM ENCARGOS COMPLEMENTARES | E106: H | F106: 1.6661 | G106: 30.97 | H106: 51.59
A107: Composição Auxiliar | B107: 88251 | C107: SINAPI | D107: AUXILIAR DE SERRALHEIRO COM ENCARGOS COMPLEMENTARES | E107: H | F107: 1.6661 | G107: 25.02 | H107: 41.68
A108: Composição Auxiliar | B108: 88628 | C108: SINAPI | D108: ARGAMASSA TRAÇO 1:3 (EM VOLUME DE CIMENTO E AREIA MÉDIA ÚMIDA), PREPARO MECÂNICO COM BETONEIRA 400 L. AF_08/2019 | E108: m³ | F108: 0.045 | G108: 644.39 | H108: 28.99
A109: Composição Auxiliar | B109: ED-50496 | C109: SETOP | D109: PINTURA ESMALTE BASE SOLVENTE EM TUBO GALVANIZADO, DUAS (2) DEMÃOS, COM APLICAÇÃO MANUAL, INCLUSIVE UMA (1) DEMÃO DE FUNDO ANTICORROSIVO | E109: m | F109: 7.666 | G109: 10.49 | H109: 80.41
A110: Composição Auxiliar | B110: 88316 | C110: SINAPI | D110: SERVENTE COM ENCARGOS COMPLEMENTARES | E110: H | F110: 5.0154 | G110: 22.64 | H110: 113.54
A111: Composição Auxiliar | B111: 88309 | C111: SINAPI | D111: PEDREIRO COM ENCARGOS COMPLEMENTARES | E111: H | F111: 1.0515 | G111: 31.21 | H111: 32.81
A112: Composição Auxiliar | B112: 88310 | C112: SINAPI | D112: PINTOR COM ENCARGOS COMPLEMENTARES | E112: H | F112: 5.8479 | G112: 32.51 | H112: 190.11
A113: Composição Auxiliar | B113: 88317 | C113: SINAPI | D113: SOLDADOR COM ENCARGOS COMPLEMENTARES | E113: H | F113: 1.071 | G113: 35.25 | H113: 37.75
A114: Composição Auxiliar | B114: 88243 | C114: SINAPI | D114: AJUDANTE ESPECIALIZADO COM ENCARGOS COMPLEMENTARES | E114: H | F114: 4.2068 | G114: 26.45 | H114: 111.26
A115: Insumo | B115: 010096 | C115: SBC | D115: BARRA CHATA DE ACO 1"x 3/16" | E115: M | F115: 2.75 | G115: 8.4 | H115: 23.1
A116: Insumo | B116: 00011002 | C116: SINAPI | D116: ELETRODO REVESTIDO AWS - E6013, DIAMETRO IGUAL A 2,50 MM | E116: KG | F116: 0.13 | G116: 60.32 | H116: 7.84
A117: Insumo | B117: 60.21.15 | C117: SUDECAP | D117: METALON CHAPA 18 - 30 X 20MM / (50 X 30MM) | E117: KG | F117: 11.34 | G117: 9.45 | H117: 107.16
E118: LS => | F118: 0 | G118: 482.44
F119: Valor sem BDI => | G119: 826.24
A121: 5.1.15.1 | B121: Código | C121: Banco | D121: Descrição | E121: Und | F121: Quant. | G121: Valor Unit | H121: Total
A122: COMPOSIÇÃO | B122: CPU-011 | C122: Próprio | D122: CUBA DE EMBUTIR RETANGULAR DE AÇO INOXIDÁVEL, 40 X 34 X 17 CM - FORNECIMENTO E INSTALAÇÃO. AF_01/2020 - BASEADO EM SINAPI (86900) | E122: UN | F122: 1 | G122: 258.27 | H122: 258.27
A123: Composição Auxiliar | B123: 88274 | C123: SINAPI | D123: MARMORISTA/GRANITEIRO COM ENCARGOS COMPLEMENTARES | E123: H | F123: 0.4774 | G123: 32.5 | H123: 15.51
A124: Composição Auxiliar | B124: 88316 | C124: SINAPI | D124: SERVENTE COM ENCARGOS COMPLEMENTARES | E124: H | F124: 0.1504 | G124: 22.64 | H124: 3.4
A125: Insumo | B125: 00004823 | C125: SINAPI | D125: MASSA PLASTICA PARA MARMORE/GRANITO | E125: KG | F125: 0.2974 | G125: 36.97 | H125: 10.99
A126: Insumo | B126: 00001747 | C126: SINAPI | D126: CUBA ACO INOX (AISI 304) DE EMBUTIR COM VALVULA DE 3 1/2", DE *56 X 33 X 12* CM | E126: UN | F126: 1 | G126: 228.37 | H126: 228.37
...

Sheet COTAÇÃO
B3: FONTE | C3: CÓDIGO | D3: DESCRIÇÃO/ FORNECEDOR | E3: UNIDADE | F3: REFERENCIA | G3: CONTATO | H3: DATA | I3: VALOR
B4: COTAÇÃO | C4: COT-001 | I4: =ROUND(SUBTOTAL(1,I5:I14),2) -> #DIV/0!
B16: COMPOSIÇÃO | C16: COT-002 | I16: =ROUND(SUBTOTAL(1,I17:I26),2) -> #DIV/0!
B17: =IF(C17="","",INDEX('BASE-REFERENCIA'!A:A,MATCH(C17,'BASE-REFERENCIA'!B:B,0)))
B18: =IF(C18="","",INDEX('BASE-REFERENCIA'!A:A,MATCH(C18,'BASE-REFERENCIA'!B:B,0)))
B19: =IF(C19="","",INDEX('BASE-REFERENCIA'!A:A,MATCH(C19,'BASE-REFERENCIA'!B:B,0)))
B20: =IF(C20="","",INDEX('BASE-REFERENCIA'!A:A,MATCH(C20,'BASE-REFERENCIA'!B:B,0)))
B21: =IF(C21="","",INDEX('BASE-REFERENCIA'!A:A,MATCH(C21,'BASE-REFERENCIA'!B:B,0)))
B22: =IF(C22="","",INDEX('BASE-REFERENCIA'!A:A,MATCH(C22,'BASE-REFERENCIA'!B:B,0)))
B23: =IF(C23="","",INDEX('BASE-REFERENCIA'!A:A,MATCH(C23,'BASE-REFERENCIA'!B:B,0)))
B24: =IF(C24="","",INDEX('BASE-REFERENCIA'!A:A,MATCH(C24,'BASE-REFERENCIA'!B:B,0)))
B25: =IF(C25="","",INDEX('BASE-REFERENCIA'!A:A,MATCH(C25,'BASE-REFERENCIA'!B:B,0)))
B26: =IF(C26="","",INDEX('BASE-REFERENCIA'!A:A,MATCH(C26,'BASE-REFERENCIA'!B:B,0)))
B28: COMPOSIÇÃO | C28: COT-003 | I28: =ROUND(SUBTOTAL(1,I29:I38),2) -> #DIV/0!
B29: =IF(C29="","",INDEX('BASE-REFERENCIA'!A:A,MATCH(C29,'BASE-REFERENCIA'!B:B,0)))
B30: =IF(C30="","",INDEX('BASE-REFERENCIA'!A:A,MATCH(C30,'BASE-REFERENCIA'!B:B,0)))
B31: =IF(C31="","",INDEX('BASE-REFERENCIA'!A:A,MATCH(C31,'BASE-REFERENCIA'!B:B,0)))
B32: =IF(C32="","",INDEX('BASE-REFERENCIA'!A:A,MATCH(C32,'BASE-REFERENCIA'!B:B,0)))
B33: =IF(C33="","",INDEX('BASE-REFERENCIA'!A:A,MATCH(C33,'BASE-REFERENCIA'!B:B,0)))
B34: =IF(C34="","",INDEX('BASE-REFERENCIA'!A:A,MATCH(C34,'BASE-REFERENCIA'!B:B,0)))
B35: =IF(C35="","",INDEX('BASE-REFERENCIA'!A:A,MATCH(C35,'BASE-REFERENCIA'!B:B,0)))
B36: =IF(C36="","",INDEX('BASE-REFERENCIA'!A:A,MATCH(C36,'BASE-REFERENCIA'!B:B,0)))
B37: =IF(C37="","",INDEX('BASE-REFERENCIA'!A:A,MATCH(C37,'BASE-REFERENCIA'!B:B,0)))
B38: =IF(C38="","",INDEX('BASE-REFERENCIA'!A:A,MATCH(C38,'BASE-REFERENCIA'!B:B,0)))
B40: COMPOSIÇÃO | C40: COT-004 | I40: =ROUND(SUBTOTAL(1,I41:I50),2) -> #DIV/0!
B41: =IF(C41="","",INDEX('BASE-REFERENCIA'!A:A,MATCH(C41,'BASE-REFERENCIA'!B:B,0)))
B42: =IF(C42="","",INDEX('BASE-REFERENCIA'!A:A,MATCH(C42,'BASE-REFERENCIA'!B:B,0)))
B43: =IF(C43="","",INDEX('BASE-REFERENCIA'!A:A,MATCH(C43,'BASE-REFERENCIA'!B:B,0)))
B44: =IF(C44="","",INDEX('BASE-REFERENCIA'!A:A,MATCH(C44,'BASE-REFERENCIA'!B:B,0)))
B45: =IF(C45="","",INDEX('BASE-REFERENCIA'!A:A,MATCH(C45,'BASE-REFERENCIA'!B:B,0)))
B46: =IF(C46="","",INDEX('BASE-REFERENCIA'!A:A,MATCH(C46,'BASE-REFERENCIA'!B:B,0)))
B47: =IF(C47="","",INDEX('BASE-REFERENCIA'!A:A,MATCH(C47,'BASE-REFERENCIA'!B:B,0)))
B48: =IF(C48="","",INDEX('BASE-REFERENCIA'!A:A,MATCH(C48,'BASE-REFERENCIA'!B:B,0)))
B49: =IF(C49="","",INDEX('BASE-REFERENCIA'!A:A,MATCH(C49,'BASE-REFERENCIA'!B:B,0)))
B50: =IF(C50="","",INDEX('BASE-REFERENCIA'!A:A,MATCH(C50,'BASE-REFERENCIA'!B:B,0)))
B52: COMPOSIÇÃO | C52: COT-005 | I52: =ROUND(SUBTOTAL(1,I53:I62),2) -> #DIV/0!
B53: =IF(C53="","",INDEX('BASE-REFERENCIA'!A:A,MATCH(C53,'BASE-REFERENCIA'!B:B,0)))
B54: =IF(C54="","",INDEX('BASE-REFERENCIA'!A:A,MATCH(C54,'BASE-REFERENCIA'!B:B,0)))
B55: =IF(C55="","",INDEX('BASE-REFERENCIA'!A:A,MATCH(C55,'BASE-REFERENCIA'!B:B,0)))
B56: =IF(C56="","",INDEX('BASE-REFERENCIA'!A:A,MATCH(C56,'BASE-REFERENCIA'!B:B,0)))
B57: =IF(C57="","",INDEX('BASE-REFERENCIA'!A:A,MATCH(C57,'BASE-REFERENCIA'!B:B,0)))
B58: =IF(C58="","",INDEX('BASE-REFERENCIA'!A:A,MATCH(C58,'BASE-REFERENCIA'!B:B,0)))
B59: =IF(C59="","",INDEX('BASE-REFERENCIA'!A:A,MATCH(C59,'BASE-REFERENCIA'!B:B,0)))
B60: =IF(C60="","",INDEX('BASE-REFERENCIA'!A:A,MATCH(C60,'BASE-REFERENCIA'!B:B,0)))
B61: =IF(C61="","",INDEX('BASE-REFERENCIA'!A:A,MATCH(C61,'BASE-REFERENCIA'!B:B,0)))
B62: =IF(C62="","",INDEX('BASE-REFERENCIA'!A:A,MATCH(C62,'BASE-REFERENCIA'!B:B,0)))
B64: COMPOSIÇÃO | C64: COT-006 | I64: =ROUND(SUBTOTAL(1,I65:I74),2) -> #DIV/0!
B65: =IF(C65="","",INDEX('BASE-REFERENCIA'!A:A,MATCH(C65,'BASE-REFERENCIA'!B:B,0)))
B66: =IF(C66="","",INDEX('BASE-REFERENCIA'!A:A,MATCH(C66,'BASE-REFERENCIA'!B:B,0)))
B67: =IF(C67="","",INDEX('BASE-REFERENCIA'!A:A,MATCH(C67,'BASE-REFERENCIA'!B:B,0)))
B68: =IF(C68="","",INDEX('BASE-REFERENCIA'!A:A,MATCH(C68,'BASE-REFERENCIA'!B:B,0)))
B69: =IF(C69="","",INDEX('BASE-REFERENCIA'!A:A,MATCH(C69,'BASE-REFERENCIA'!B:B,0)))
B70: =IF(C70="","",INDEX('BASE-REFERENCIA'!A:A,MATCH(C70,'BASE-REFERENCIA'!B:B,0)))
B71: =IF(C71="","",INDEX('BASE-REFERENCIA'!A:A,MATCH(C71,'BASE-REFERENCIA'!B:B,0)))
B72: =IF(C72="","",INDEX('BASE-REFERENCIA'!A:A,MATCH(C72,'BASE-REFERENCIA'!B:B,0)))
B73: =IF(C73="","",INDEX('BASE-REFERENCIA'!A:A,MATCH(C73,'BASE-REFERENCIA'!B:B,0)))
B74: =IF(C74="","",INDEX('BASE-REFERENCIA'!A:A,MATCH(C74,'BASE-REFERENCIA'!B:B,0)))
B76: COMPOSIÇÃO | C76: COT-007 | I76: =ROUND(SUBTOTAL(1,I77:I86),2) -> #DIV/0!
B77: =IF(C77="","",INDEX('BASE-REFERENCIA'!A:A,MATCH(C77,'BASE-REFERENCIA'!B:B,0)))
B78: =IF(C78="","",INDEX('BASE-REFERENCIA'!A:A,MATCH(C78,'BASE-REFERENCIA'!B:B,0)))
B79: =IF(C79="","",INDEX('BASE-REFERENCIA'!A:A,MATCH(C79,'BASE-REFERENCIA'!B:B,0)))
B80: =IF(C80="","",INDEX('BASE-REFERENCIA'!A:A,MATCH(C80,'BASE-REFERENCIA'!B:B,0)))
B81: =IF(C81="","",INDEX('BASE-REFERENCIA'!A:A,MATCH(C81,'BASE-REFERENCIA'!B:B,0)))
B82: =IF(C82="","",INDEX('BASE-REFERENCIA'!A:A,MATCH(C82,'BASE-REFERENCIA'!B:B,0)))
B83: =IF(C83="","",INDEX('BASE-REFERENCIA'!A:A,MATCH(C83,'BASE-REFERENCIA'!B:B,0)))
B84: =IF(C84="","",INDEX('BASE-REFERENCIA'!A:A,MATCH(C84,'BASE-REFERENCIA'!B:B,0)))
B85: =IF(C85="","",INDEX('BASE-REFERENCIA'!A:A,MATCH(C85,'BASE-REFERENCIA'!B:B,0)))
B86: =IF(C86="","",INDEX('BASE-REFERENCIA'!A:A,MATCH(C86,'BASE-REFERENCIA'!B:B,0)))
B88: COMPOSIÇÃO | C88: COT-008 | I88: =ROUND(SUBTOTAL(1,I89:I98),2) -> #DIV/0!
B89: =IF(C89="","",INDEX('BASE-REFERENCIA'!A:A,MATCH(C89,'BASE-REFERENCIA'!B:B,0)))
B90: =IF(C90="","",INDEX('BASE-REFERENCIA'!A:A,MATCH(C90,'BASE-REFERENCIA'!B:B,0)))
B91: =IF(C91="","",INDEX('BASE-REFERENCIA'!A:A,MATCH(C91,'BASE-REFERENCIA'!B:B,0)))
B92: =IF(C92="","",INDEX('BASE-REFERENCIA'!A:A,MATCH(C92,'BASE-REFERENCIA'!B:B,0)))
B93: =IF(C93="","",INDEX('BASE-REFERENCIA'!A:A,MATCH(C93,'BASE-REFERENCIA'!B:B,0)))
B94: =IF(C94="","",INDEX('BASE-REFERENCIA'!A:A,MATCH(C94,'BASE-REFERENCIA'!B:B,0)))
B95: =IF(C95="","",INDEX('BASE-REFERENCIA'!A:A,MATCH(C95,'BASE-REFERENCIA'!B:B,0)))
B96: =IF(C96="","",INDEX('BASE-REFERENCIA'!A:A,MATCH(C96,'BASE-REFERENCIA'!B:B,0)))
B97: =IF(C97="","",INDEX('BASE-REFERENCIA'!A:A,MATCH(C97,'BASE-REFERENCIA'!B:B,0)))
B98: =IF(C98="","",INDEX('BASE-REFERENCIA'!A:A,MATCH(C98,'BASE-REFERENCIA'!B:B,0)))
B100: COMPOSIÇÃO | C100: COT-009 | I100: =ROUND(SUBTOTAL(1,I101:I110),2) -> #DIV/0!
B101: =IF(C101="","",INDEX('BASE-REFERENCIA'!A:A,MATCH(C101,'BASE-REFERENCIA'!B:B,0)))
B102: =IF(C102="","",INDEX('BASE-REFERENCIA'!A:A,MATCH(C102,'BASE-REFERENCIA'!B:B,0)))
B103: =IF(C103="","",INDEX('BASE-REFERENCIA'!A:A,MATCH(C103,'BASE-REFERENCIA'!B:B,0)))
B104: =IF(C104="","",INDEX('BASE-REFERENCIA'!A:A,MATCH(C104,'BASE-REFERENCIA'!B:B,0)))
B105: =IF(C105="","",INDEX('BASE-REFERENCIA'!A:A,MATCH(C105,'BASE-REFERENCIA'!B:B,0)))
B106: =IF(C106="","",INDEX('BASE-REFERENCIA'!A:A,MATCH(C106,'BASE-REFERENCIA'!B:B,0)))
B107: =IF(C107="","",INDEX('BASE-REFERENCIA'!A:A,MATCH(C107,'BASE-REFERENCIA'!B:B,0)))
B108: =IF(C108="","",INDEX('BASE-REFERENCIA'!A:A,MATCH(C108,'BASE-REFERENCIA'!B:B,0)))
B109: =IF(C109="","",INDEX('BASE-REFERENCIA'!A:A,MATCH(C109,'BASE-REFERENCIA'!B:B,0)))
B110: =IF(C110="","",INDEX('BASE-REFERENCIA'!A:A,MATCH(C110,'BASE-REFERENCIA'!B:B,0)))
B112: COMPOSIÇÃO | C112: COT-010 | I112: =ROUND(SUBTOTAL(1,I113:I122),2) -> #DIV/0!
B113: =IF(C113="","",INDEX('BASE-REFERENCIA'!A:A,MATCH(C113,'BASE-REFERENCIA'!B:B,0)))
B114: =IF(C114="","",INDEX('BASE-REFERENCIA'!A:A,MATCH(C114,'BASE-REFERENCIA'!B:B,0)))
B115: =IF(C115="","",INDEX('BASE-REFERENCIA'!A:A,MATCH(C115,'BASE-REFERENCIA'!B:B,0)))
B116: =IF(C116="","",INDEX('BASE-REFERENCIA'!A:A,MATCH(C116,'BASE-REFERENCIA'!B:B,0)))
B117: =IF(C117="","",INDEX('BASE-REFERENCIA'!A:A,MATCH(C117,'BASE-REFERENCIA'!B:B,0)))
B118: =IF(C118="","",INDEX('BASE-REFERENCIA'!A:A,MATCH(C118,'BASE-REFERENCIA'!B:B,0)))
B119: =IF(C119="","",INDEX('BASE-REFERENCIA'!A:A,MATCH(C119,'BASE-REFERENCIA'!B:B,0)))
B120: =IF(C120="","",INDEX('BASE-REFERENCIA'!A:A,MATCH(C120,'BASE-REFERENCIA'!B:B,0)))
B121: =IF(C121="","",INDEX('BASE-REFERENCIA'!A:A,MATCH(C121,'BASE-REFERENCIA'!B:B,0)))
...

Sheet BDI 
E1: MIN | F1: MED | G1: MAX | O1: ="Quadro de Composição do BDI" -> Quadro de Composição do BDI | R1: Grau de Sigilo
A2: Construção e Reforma de Edifícios | B2: AC | C2: =CONCATENATE(A2,"-",B2) -> Construção e Reforma de Edifícios-AC | E2: 0.03 | F2: 0.04 | G2: 0.055 | R2: #PUBLICO
A3: =A2 -> Construção e Reforma de Edifícios | B3: SG | C3: =CONCATENATE(A3,"-",B3) -> Construção e Reforma de Edifícios-SG | E3: 0.008 | F3: 0.008 | G3: 0.01
A4: =A3 -> Construção e Reforma de Edifícios | B4: R | C4: =CONCATENATE(A4,"-",B4) -> Construção e Reforma de Edifícios-R | E4: 0.0097 | F4: 0.0127 | G4: 0.0127 | J4: Nº OPERAÇÃO | L4: Nº TRANSFEREGOV | N4: PROPONENTE / TOMADOR | AW4: (SELECIONAR)
A5: =A4 -> Construção e Reforma de Edifícios | B5: DF | C5: =CONCATENATE(A5,"-",B5) -> Construção e Reforma de Edifícios-DF | E5: 0.0059 | F5: 0.0123 | G5: 0.0139 | J5: 0 | L5: 0 | N5: 0 | AW5: Construção e Reforma de Edifícios
A6: =A5 -> Construção e Reforma de Edifícios | B6: L | C6: =CONCATENATE(A6,"-",B6) -> Construção e Reforma de Edifícios-L | E6: 0.0616 | F6: 0.074 | G6: 0.0896 | I6: FILTRO | AW6: Construção de Praças Urbanas, Rodovias, Ferrovias e recapeamento e pavimentação de vias urbanas
A7: =A6 -> Construção e Reforma de Edifícios | B7: BDI PAD | C7: =CONCATENATE(A7,"-",B7) -> Construção e Reforma de Edifícios-BDI PAD | E7: 0.2034 | F7: 0.2212 | G7: 0.25 | J7: APELIDO DO EMPREENDIMENTO / DESCRIÇÃO DO LOTE | AW7: Construção de Redes de Abastecimento de Água, Coleta de Esgoto
A8: Construção de Praças Urbanas, Rodovias, Ferrovias e recapeamento e pavimentação de vias urbanas | B8: AC | C8: =CONCATENATE(A8,"-",B8) -> Construção de Praças Urbanas, Rodovias, Ferrovias e recapeamento e pavimentação de vias urbanas-AC | E8: 0.038 | F8: 0.0401 | G8: 0.0467 | J8: / | AW8: Construção e Manutenção de Estações e Redes de Distribuição de Energia Elétrica
A9: Construção de Praças Urbanas, Rodovias, Ferrovias e recapeamento e pavimentação de vias urbanas | B9: SG | C9: =CONCATENATE(A9,"-",B9) -> Construção de Praças Urbanas, Rodovias, Ferrovias e recapeamento e pavimentação de vias urbanas-SG | E9: 0.0032 | F9: 0.004 | G9: 0.0074 | AW9: Obras Portuárias, Marítimas e Fluviais
A10: Construção de Praças Urbanas, Rodovias, Ferrovias e recapeamento e pavimentação de vias urbanas | B10: R | C10: =CONCATENATE(A10,"-",B10) -> Construção de Praças Urbanas, Rodovias, Ferrovias e recapeamento e pavimentação de vias urbanas-R | E10: 0.005 | F10: 0.0056 | G10: 0.0097 | J10: Conforme legislação tributária municipal, definir estimativa de percentual da base de cálculo para o ISS: | R10: 1 | AW10: Fornecimento de Materiais e Equipamentos (aquisição indireta - em conjunto com licitação de obras)
A11: Construção de Praças Urbanas, Rodovias, Ferrovias e recapeamento e pavimentação de vias urbanas | B11: DF | C11: =CONCATENATE(A11,"-",B11) -> Construção de Praças Urbanas, Rodovias, Ferrovias e recapeamento e pavimentação de vias urbanas-DF | E11: 0.0102 | F11: 0.0111 | G11: 0.0121 | I11: ↓ | J11: Sobre a base de cálculo, definir a respectiva alíquota do ISS (entre 2% e 5%): | R11: 0.04 | AW11: Fornecimento de Materiais e Equipamentos (aquisição direta)
A12: Construção de Praças Urbanas, Rodovias, Ferrovias e recapeamento e pavimentação de vias urbanas | B12: L | C12: =CONCATENATE(A12,"-",B12) -> Construção de Praças Urbanas, Rodovias, Ferrovias e recapeamento e pavimentação de vias urbanas-L | E12: 0.0664 | F12: 0.073 | G12: 0.0869 | I12: F
A13: Construção de Praças Urbanas, Rodovias, Ferrovias e recapeamento e pavimentação de vias urbanas | B13: BDI PAD | C13: =CONCATENATE(A13,"-",B13) -> Construção de Praças Urbanas, Rodovias, Ferrovias e recapeamento e pavimentação de vias urbanas-BDI PAD | E13: 0.196 | F13: 0.2097 | G13: 0.2423 | I13: F
A14: Construção de Redes de Abastecimento de Água, Coleta de Esgoto | B14: AC | C14: =CONCATENATE(A14,"-",B14) -> Construção de Redes de Abastecimento de Água, Coleta de Esgoto-AC | E14: 0.0343 | F14: 0.0493 | G14: 0.0671 | I14: F | J14: BDI 1
A15: =A14 -> Construção de Redes de Abastecimento de Água, Coleta de Esgoto | B15: SG | C15: =CONCATENATE(A15,"-",B15) -> Construção de Redes de Abastecimento de Água, Coleta de Esgoto-SG | E15: 0.0028 | F15: 0.0049 | G15: 0.0075 | I15: F
A16: =A15 -> Construção de Redes de Abastecimento de Água, Coleta de Esgoto | B16: R | C16: =CONCATENATE(A16,"-",B16) -> Construção de Redes de Abastecimento de Água, Coleta de Esgoto-R | E16: 0.01 | F16: 0.0139 | G16: 0.0174 | I16: F | J16: TIPO DE OBRA
A17: =A16 -> Construção de Redes de Abastecimento de Água, Coleta de Esgoto | B17: DF | C17: =CONCATENATE(A17,"-",B17) -> Construção de Redes de Abastecimento de Água, Coleta de Esgoto-DF | E17: 0.0094 | F17: 0.0099 | G17: 0.0117 | I17: F | J17: Construção e Reforma de Edifícios | T17: =IF(U17="","","◄")
A18: =A17 -> Construção de Redes de Abastecimento de Água, Coleta de Esgoto | B18: L | C18: =CONCATENATE(A18,"-",B18) -> Construção de Redes de Abastecimento de Água, Coleta de Esgoto-L | E18: 0.0674 | F18: 0.0804 | G18: 0.094 | I18: F
A19: =A18 -> Construção de Redes de Abastecimento de Água, Coleta de Esgoto | B19: BDI PAD | C19: =CONCATENATE(A19,"-",B19) -> Construção de Redes de Abastecimento de Água, Coleta de Esgoto-BDI PAD | E19: 0.2076 | F19: 0.2418 | G19: 0.2644 | I19: F | J19: Itens | R19: Siglas | S19: % Adotado | U19: Situação | X19: 1º Quartil | Y19: Médio | Z19: 3º Quartil
A20: Construção e Manutenção de Estações e Redes de Distribuição de Energia Elétrica | B20: AC | C20: =CONCATENATE(A20,"-",B20) -> Construção e Manutenção de Estações e Redes de Distribuição de Energia Elétrica-AC | E20: 0.0529 | F20: 0.0592 | G20: 0.0793 | I20: F
A21: =A20 -> Construção e Manutenção de Estações e Redes de Distribuição de Energia Elétrica | B21: SG | C21: =CONCATENATE(A21,"-",B21) -> Construção e Manutenção de Estações e Redes de Distribuição de Energia Elétrica-SG | E21: 0.0025 | F21: 0.0051 | G21: 0.0056 | I21: F | J21: =IF($J$17=$A$66,"Encargos Sociais incidentes sobre a mão de obra","Administração Central") -> Administração Central | R21: =IF($J17=$A$66,"K1","AC") -> AC | S21: 0.04 | T21: =IF(AND($U$14<>"",$U$17="",R21<>"",S21=""),"◄","") | U21: =IFERROR(IF(T21="◄","FALTA PREENCHER",IF(AND(OR(S21>=X21,X21="-"),OR(S21<=Z21,Z21="-")),"OK","FORA DO INTERVALO")),"-") -> OK | X21: =VLOOKUP(CONCATENATE(J17,"-",R21),$C$2:$G$56,3,FALSE) -> 0.03 | Y21: =VLOOKUP(CONCATENATE(J17,"-",R21),$C$2:$G$56,4,FALSE) -> 0.04 | Z21: =VLOOKUP(CONCATENATE(J17,"-",R21),$C$2:$G$56,5,FALSE) -> 0.055
A22: =A21 -> Construção e Manutenção de Estações e Redes de Distribuição de Energia Elétrica | B22: R | C22: =CONCATENATE(A22,"-",B22) -> Construção e Manutenção de Estações e Redes de Distribuição de Energia Elétrica-R | E22: 0.01 | F22: 0.0148 | G22: 0.0197 | I22: F | J22: =IF($J$17=$A$66,"Administração Central da empresa ou consultoria - overhead","Seguro e Garantia") -> Seguro e Garantia | R22: =IF($J17=$A$66,"K2","SG") -> SG | S22: 0.008 | T22: =IF(AND($U$14<>"",$U$17="",R22<>"",S22=""),"◄","") | U22: =IFERROR(IF(T22="◄","FALTA PREENCHER",IF(AND(OR(S22>=X22,X22="-"),OR(S22<=Z22,Z22="-")),"OK","FORA DO INTERVALO")),"-") -> OK | X22: =VLOOKUP(CONCATENATE(J17,"-",R22),$C$2:$G$56,3,FALSE) -> 0.008 | Y22: =VLOOKUP(CONCATENATE(J17,"-",R22),$C$2:$G$56,4,FALSE) -> 0.008 | Z22: =VLOOKUP(CONCATENATE(J17,"-",R22),$C$2:$G$56,5,FALSE) -> 0.01
A23: =A22 -> Construção e Manutenção de Estações e Redes de Distribuição de Energia Elétrica | B23: DF | C23: =CONCATENATE(A23,"-",B23) -> Construção e Manutenção de Estações e Redes de Distribuição de Energia Elétrica-DF | E23: 0.0101 | F23: 0.0107 | G23: 0.0111 | I23: F | J23: Risco | R23: =IF($J17=$A$66,"","R") -> R | S23: 0.0127 | T23: =IF(AND($U$14<>"",$U$17="",R23<>"",S23=""),"◄","") | U23: =IFERROR(IF(T23="◄","FALTA PREENCHER",IF(AND(OR(S23>=X23,X23="-"),OR(S23<=Z23,Z23="-")),"OK","FORA DO INTERVALO")),"-") -> OK | X23: =VLOOKUP(CONCATENATE(J17,"-",R23),$C$2:$G$56,3,FALSE) -> 0.0097 | Y23: =VLOOKUP(CONCATENATE(J17,"-",R23),$C$2:$G$56,4,FALSE) -> 0.0127 | Z23: =VLOOKUP(CONCATENATE(J17,"-",R23),$C$2:$G$56,5,FALSE) -> 0.0127
A24: =A23 -> Construção e Manutenção de Estações e Redes de Distribuição de Energia Elétrica | B24: L | C24: =CONCATENATE(A24,"-",B24) -> Construção e Manutenção de Estações e Redes de Distribuição de Energia Elétrica-L | E24: 0.08 | F24: 0.0831 | G24: 0.0951 | I24: F | J24: Despesas Financeiras | R24: =IF($J17=$A$66,"","DF") -> DF | S24: 0.0123 | T24: =IF(AND($U$14<>"",$U$17="",R24<>"",S24=""),"◄","") | U24: =IFERROR(IF(T24="◄","FALTA PREENCHER",IF(AND(OR(S24>=X24,X24="-"),OR(S24<=Z24,Z24="-")),"OK","FORA DO INTERVALO")),"-") -> OK | X24: =VLOOKUP(CONCATENATE(J17,"-",R24),$C$2:$G$56,3,FALSE) -> 0.0059 | Y24: =VLOOKUP(CONCATENATE(J17,"-",R24),$C$2:$G$56,4,FALSE) -> 0.0123 | Z24: =VLOOKUP(CONCATENATE(J17,"-",R24),$C$2:$G$56,5,FALSE) -> 0.0139
A25: =A24 -> Construção e Manutenção de Estações e Redes de Distribuição de Energia Elétrica | B25: BDI PAD | C25: =CONCATENATE(A25,"-",B25) -> Construção e Manutenção de Estações e Redes de Distribuição de Energia Elétrica-BDI PAD | E25: 0.24 | F25: 0.2584 | G25: 0.2786 | I25: F | J25: =IF($J$17=$A$66,"Margem bruta da empresa de consultoria","Lucro") -> Lucro | R25: =IF($J17=$A$66,"K3","L") -> L | S25: 0.074 | T25: =IF(AND($U$14<>"",$U$17="",R25<>"",S25=""),"◄","") | U25: =IFERROR(IF(T25="◄","FALTA PREENCHER",IF(AND(OR(S25>=X25,X25="-"),OR(S25<=Z25,Z25="-")),"OK","FORA DO INTERVALO")),"-") -> OK | X25: =VLOOKUP(CONCATENATE(J17,"-",R25),$C$2:$G$56,3,FALSE) -> 0.0616 | Y25: =VLOOKUP(CONCATENATE(J17,"-",R25),$C$2:$G$56,4,FALSE) -> 0.074 | Z25: =VLOOKUP(CONCATENATE(J17,"-",R25),$C$2:$G$56,5,FALSE) -> 0.0896
A26: Obras Portuárias, Marítimas e Fluviais | B26: AC | C26: =CONCATENATE(A26,"-",B26) -> Obras Portuárias, Marítimas e Fluviais-AC | E26: 0.04 | F26: 0.0552 | G26: 0.0785 | I26: F | J26: Tributos (impostos COFINS 3%, e PIS 0,65%) | R26: CP | S26: 0.0365 | T26: =IF(AND($U$14<>"",$U$17="",R26<>"",S26=""),"◄","") | U26: =IFERROR(IF(T26="◄","FALTA PREENCHER",IF(AND(OR(S26>=X26,X26="-"),OR(S26<=Z26,Z26="-")),"OK","FORA DO INTERVALO")),"-") -> OK | X26: =Y26 -> 0.0365 | Y26: =IF($J17=$A$65,"-",3.65%) -> 0.0365 | Z26: =Y26 -> 0.0365
A27: =A26 -> Obras Portuárias, Marítimas e Fluviais | B27: SG | C27: =CONCATENATE(A27,"-",B27) -> Obras Portuárias, Marítimas e Fluviais-SG | E27: 0.0081 | F27: 0.0122 | G27: 0.0199 | I27: F | J27: Tributos (ISS, variável de acordo com o município) | R27: ISS | S27: =IF(AND($J17<>$A$65,COUNTA(OFFSET(S20,1,0,6))>0),$R$11*$R$10,0) -> 0.04 | U27: =IFERROR(IF(T27="◄","FALTA PREENCHER",IF(AND(OR(S27>=X27,X27="-"),OR(S27<=Z27,Z27="-")),"OK","FORA DO INTERVALO")),"-") -> OK | X27: 0 | Y27: 0.025 | Z27: 0.05
A28: =A27 -> Obras Portuárias, Marítimas e Fluviais | B28: R | C28: =CONCATENATE(A28,"-",B28) -> Obras Portuárias, Marítimas e Fluviais-R | E28: 0.0146 | F28: 0.0232 | G28: 0.0316 | I28: F | J28: Tributos (Contribuição Previdenciária sobre a Receita Bruta - Lei 12.546 de 14/12/2011 - Desoneração) | R28: CPRB | S28: 0 | U28: =IFERROR(IF(T28="◄","FALTA PREENCHER",IF(AND(OR(S28>=X28,X28="-"),OR(S28<=Z28,Z28="-")),"OK","FORA DO INTERVALO")),"-") -> OK | X28: =$S28 -> 0 | Y28: =$S28 -> 0 | Z28: =$S28 -> 0
A29: =A28 -> Obras Portuárias, Marítimas e Fluviais | B29: DF | C29: =CONCATENATE(A29,"-",B29) -> Obras Portuárias, Marítimas e Fluviais-DF | E29: 0.0094 | F29: 0.0102 | G29: 0.0133 | I29: F | J29: BDI SEM desoneração (Fórmula Acórdão TCU) | R29: BDI PAD | S29: =IF($J17=$A$65,0,ROUND((((1+S21+S22+S23)*(1+S24)*(1+S25)/(1-(S26+S27)))-1),4)) -> 0.2487 | U29: =IFERROR(IF(AND(OR(S29>=X29,X29="-"),OR(S29<=Z29,Z29="-")),"OK","FORA DO INTERVALO"),IF(S29=0,"OK","Selecione o Tipo de obra")) -> OK | X29: =IF($J17=$A$65,0,VLOOKUP(CONCATENATE($J17,"-",$R29),$C$2:$G$56,3,FALSE)) -> 0.2034 | Y29: =IF($J17=$A$65,0,VLOOKUP(CONCATENATE($J17,"-",$R29),$C$2:$G$56,4,FALSE)) -> 0.2212 | Z29: =IF($J17=$A$65,0,VLOOKUP(CONCATENATE($J17,"-",$R29),$C$2:$G$56,5,FALSE)) -> 0.25
A30: =A29 -> Obras Portuárias, Marítimas e Fluviais | B30: L | C30: =CONCATENATE(A30,"-",B30) -> Obras Portuárias, Marítimas e Fluviais-L | E30: 0.0714 | F30: 0.084 | G30: 0.1043 | I30: F | J30: BDI COM desoneração | R30: BDI DES | S30: =IF($J17=$A$65,0,ROUND((((1+S21+S22+S23)*(1+S24)*(1+S25)/(1-(S26+S27+S28)))-1),4)) -> 0.2487
A31: =A30 -> Obras Portuárias, Marítimas e Fluviais | B31: BDI PAD | C31: =CONCATENATE(A31,"-",B31) -> Obras Portuárias, Marítimas e Fluviais-BDI PAD | E31: 0.228 | F31: 0.2748 | G31: 0.3095 | I31: F
A32: Fornecimento de Materiais e Equipamentos (aquisição indireta - em conjunto com licitação de obras) | B32: AC | C32: =CONCATENATE(A32,"-",B32) -> Fornecimento de Materiais e Equipamentos (aquisição indireta - em conjunto com licitação de obras)-AC | E32: 0.015 | F32: 0.0345 | G32: 0.0449 | I32: F | J32: =IF(U29<>"ok","X","") | K32: =IF(U29<>"ok","Anexo: Relatório Técnico Circunstanciado justificando a adoção do percentual de cada parcela do BDI.","")
A33: =A32 -> Fornecimento de Materiais e Equipamentos (aquisição indireta - em conjunto com licitação de obras) | B33: SG | C33: =CONCATENATE(A33,"-",B33) -> Fornecimento de Materiais e Equipamentos (aquisição indireta - em conjunto com licitação de obras)-SG | E33: 0.003 | F33: 0.0048 | G33: 0.0082 | I33: F
A34: =A33 -> Fornecimento de Materiais e Equipamentos (aquisição indireta - em conjunto com licitação de obras) | B34: R | C34: =CONCATENATE(A34,"-",B34) -> Fornecimento de Materiais e Equipamentos (aquisição indireta - em conjunto com licitação de obras)-R | E34: 0.0056 | F34: 0.0085 | G34: 0.0089 | I34: F | J34: Os valores de BDI foram calculados com o emprego da fórmula:
A35: =A34 -> Fornecimento de Materiais e Equipamentos (aquisição indireta - em conjunto com licitação de obras) | B35: DF | C35: =CONCATENATE(A35,"-",B35) -> Fornecimento de Materiais e Equipamentos (aquisição indireta - em conjunto com licitação de obras)-DF | E35: 0.0085 | F35: 0.0085 | G35: 0.0111 | I35: F | M35: BDI = | N35: =IF($J17=$A$66,"(1+K1+K2)*(1+K3)","(1+AC + S + R + G)*(1 + DF)*(1+L)") -> (1+AC + S + R + G)*(1 + DF)*(1+L) | Q35: - 1
A36: =A35 -> Fornecimento de Materiais e Equipamentos (aquisição indireta - em conjunto com licitação de obras) | B36: L | C36: =CONCATENATE(A36,"-",B36) -> Fornecimento de Materiais e Equipamentos (aquisição indireta - em conjunto com licitação de obras)-L | E36: 0.035 | F36: 0.0511 | G36: 0.0622 | I36: F | N36: (1-CP-ISS-CRPB)
A37: =A36 -> Fornecimento de Materiais e Equipamentos (aquisição indireta - em conjunto com licitação de obras) | B37: BDI PAD | C37: =CONCATENATE(A37,"-",B37) -> Fornecimento de Materiais e Equipamentos (aquisição indireta - em conjunto com licitação de obras)-BDI PAD | E37: 0.111 | F37: 0.1402 | G37: 0.168 | I37: F
A38: Fornecimento de Materiais e Equipamentos (aquisição direta) | B38: AC | C38: =CONCATENATE(A38,"-",B38) -> Fornecimento de Materiais e Equipamentos (aquisição direta)-AC | E38: - | F38: - | G38: - | I38: F | J38: =CONCATENATE("Declaro para os devidos fins que, conforme legislação tributária municipal, a base de cálculo deste tipo de obra corresponde à ",$R$10*100,"%, com a respectiva alíquota de ",$R$11*100,"%.") -> Declaro para os devidos fins que, conforme legislação tributária municipal, a base de cálculo deste tipo de obra corresponde à 100%, com a respectiva alíquota de 4%.
A39: Fornecimento de Materiais e Equipamentos (aquisição direta) | B39: SG | C39: =CONCATENATE(A39,"-",B39) -> Fornecimento de Materiais e Equipamentos (aquisição direta)-SG | E39: - | F39: - | G39: - | I39: F
A40: Fornecimento de Materiais e Equipamentos (aquisição direta) | B40: R | C40: =CONCATENATE(A40,"-",B40) -> Fornecimento de Materiais e Equipamentos (aquisição direta)-R | E40: - | F40: - | G40: - | I40: F
A41: Fornecimento de Materiais e Equipamentos (aquisição direta) | B41: DF | C41: =CONCATENATE(A41,"-",B41) -> Fornecimento de Materiais e Equipamentos (aquisição direta)-DF | E41: - | F41: - | G41: - | I41: F
A42: Fornecimento de Materiais e Equipamentos (aquisição direta) | B42: L | C42: =CONCATENATE(A42,"-",B42) -> Fornecimento de Materiais e Equipamentos (aquisição direta)-L | E42: - | F42: - | G42: - | I42: F | J42: Observações:
A43: Fornecimento de Materiais e Equipamentos (aquisição direta) | B43: BDI PAD | C43: =CONCATENATE(A43,"-",B43) -> Fornecimento de Materiais e Equipamentos (aquisição direta)-BDI PAD | E43: - | F43: - | G43: - | I43: F
A44: Estudos e Projetos, Planos e Gerenciamento e outros correlatos | B44: K1 | C44: =CONCATENATE(A44,"-",B44) -> Estudos e Projetos, Planos e Gerenciamento e outros correlatos-K1 | E44: - | F44: - | G44: - | I44: F
A45: =A44 -> Estudos e Projetos, Planos e Gerenciamento e outros correlatos | B45: K2 | C45: =CONCATENATE(A45,"-",B45) -> Estudos e Projetos, Planos e Gerenciamento e outros correlatos-K2 | E45: - | F45: 0.2 | G45: - | I45: F | J45: Ibirité | P45: 45965
A46: =A45 -> Estudos e Projetos, Planos e Gerenciamento e outros correlatos | C46: =CONCATENATE(A46,"-",B46) -> Estudos e Projetos, Planos e Gerenciamento e outros correlatos- | E46: - | F46: - | G46: - | I46: F | J46: Local | P46: Data
A47: =A46 -> Estudos e Projetos, Planos e Gerenciamento e outros correlatos | C47: =CONCATENATE(A47,"-",B47) -> Estudos e Projetos, Planos e Gerenciamento e outros correlatos- | E47: - | F47: - | G47: - | I47: F
A48: =A47 -> Estudos e Projetos, Planos e Gerenciamento e outros correlatos | B48: K3 | C48: =CONCATENATE(A48,"-",B48) -> Estudos e Projetos, Planos e Gerenciamento e outros correlatos-K3 | E48: - | F48: 0.12 | G48: - | I48: F
A49: =A48 -> Estudos e Projetos, Planos e Gerenciamento e outros correlatos | B49: BDI PAD | C49: =CONCATENATE(A49,"-",B49) -> Estudos e Projetos, Planos e Gerenciamento e outros correlatos-BDI PAD | E49: - | F49: - | G49: - | I49: F | J49: Responsável Técnico
I50: F | J50: Nome: | K50: Drielly Martins
I51: F | J51: CREA/CAU: | K51: 238459/D
I52: F
A58: (SELECIONAR)
A59: Construção e Reforma de Edifícios
A60: Construção de Praças Urbanas, Rodovias, Ferrovias e recapeamento e pavimentação de vias urbanas
A61: Construção de Redes de Abastecimento de Água, Coleta de Esgoto
A62: Construção e Manutenção de Estações e Redes de Distribuição de Energia Elétrica
A63: Obras Portuárias, Marítimas e Fluviais
A64: Fornecimento de Materiais e Equipamentos (aquisição indireta - em conjunto com licitação de obras)
A65: Fornecimento de Materiais e Equipamentos (aquisição direta)
A66: Estudos e Projetos, Planos e Gerenciamento e outros correlatos
